 Dungeon Crawl Stone Soup version 0.32-a0-791-gfc315c9ecd (webtiles) character file.

Game seed: 4745389225915179722

643753 GigaChad the Executioner (level 27, -14/201 HPs) *EXPLORE*
             Began as a Human Fighter on Oct 30, 2023.
             Was an Initiate of Gozag.
             Demolished by a nargun (17 damage)
             ... on level 21 of a ziggurat on Mar 20, 2024.
             The game lasted 02:14:59 (60512 turns).

GigaChad the Executioner (Human Fighter)           Turns: 60512, Time: 02:15:00

Health: -14/201    AC: 28    Str: 30    XL:     27
Magic:  40/40      EV: 17    Int:  9    God:    Gozag
Gold:   21770      SH: 27    Dex: 21    Spells: 43/52 levels left

rFire   + . .        D - +11 Singing Sword {sonic wave}
rCold   + + .        z - +4 tower shield {reflect}
rNeg    . . .        b - +1 plate armour of the Assorted Curses {Rampage Regen+ Slay+3}
rPois   .            H - +0 mask of the Dragon {Will+ Slay+3 SInv}
rElec   .            i - +3 cloak of the Saviour {Rampage rF- Stlth+}
rCorr   .            M - +3 pair of gauntlets of War {Slay+5}
SInv    +            h - +3 pair of mountain boots {steadfast, rC+}
Will    +....        S - amulet of Vitality {Regen++ RegenMP++}
Stlth   ++++         y - ring "Nanomn" {Fly Slay+3 SInv}
HPRegen 2.93/turn    n - ring "Cojulupe" {rF++ rC+ Str+2 Dex+6}
MPRegen 1.07/turn

%: reflection, rampage
@: weak-willed, gold aura, flying, studying 2 skills
A: thin skeletal structure 1, clumsy 1, deformed body, frail 1, no potion heal
1, subdued magic 1, inability to drink after injury 1, inability to read after
injury 1, persistent drain
}: 2/15 runes: serpentine, silver
a: Renounce Religion, Potion Petition, Call Merchant, Bribe Branch


You were on level 21 of a ziggurat.
You worshipped Gozag.
Gozag was extremely pleased with you.
You visited 8 branches of the dungeon, and saw 39 of its levels.
You visited the Abyss 2 times.
You visited 1 ziggurat, and saw 21 of its levels.
You also visited: Trove.

You collected 28755 gold pieces.
You spent 5730 gold pieces at shops.
You paid 1255 gold pieces to Gozag.

Inventory:

Hand Weapons
 a - a +7 sacred scourge of holy wrath
 d - the +3 great sword of Prudence {heavy, SInv}
   (You took it off a vault warden on level 5 of the Vaults)

   SInv:      It lets you see invisible.
 o - the +7 hand cannon "Mule" {flame, backblast, rF+}
   (You found it on level 3 of the Depths)

   rF+:       It protects you from fire.
 w - the +1 rapier "Iweucasa" {holy, Dex+5}
   (You found it on level 5 of the Dungeon)

   Dex+5:     It affects your dexterity (+5).
 C - the +6 triple sword of Prudence {flame, rF+++ Will++ Str+3 Dex-2}
   (You found it on level 15 of a ziggurat)

   Str+3:     It affects your strength (+3).
   Dex-2:     It affects your dexterity (-2).
   rF+++:     It renders you almost immune to fire.
   Will++:    It greatly increases your willpower.
 D - the +11 Singing Sword (weapon) {sonic wave}
   (You found it on level 16 of a ziggurat)
 G - the +5 flail of Twilight {pain, *Corrode rElec SInv Stlth+}
   (You found it on level 8 of the Dungeon)

   rElec:     It insulates you from electricity.
   SInv:      It lets you see invisible.
   *Corrode:  It may corrode you when you take damage.
   Stlth+:    It makes you more stealthy.
 K - the +27 heavy crossbow "Sniper" {heavy, Acc+∞ SInv}
   (You found it on level 20 of a ziggurat)

   Acc+∞: It never misses its target.
   SInv:      It lets you see invisible.
 R - the +13 sword of the Doom Knight {doom -Cast ^Drain Will+}
   (You found it on level 3 of the Crypt)

   Will+:     It increases your willpower.
   -Cast:     It prevents spellcasting.
   ^Drain:    It drains your maximum health when unequipped.
 T - the +3 war axe "Rynnag" {speed, Will+ Stlth+}
   (You bought it in a shop on level 1 of the Vaults)

   Will+:     It increases your willpower.
   Stlth+:    It makes you more stealthy.
 V - the +5 broad axe "Upaesor" {flame, Int+6}
   (You acquired it on level 3 of the Lair of Beasts)

   Int+6:     It affects your intelligence (+6).
Armour
 b - the +1 plate armour of the Assorted Curses (worn) {Rampage Regen+ Slay+3}
   (You found it on level 17 of a ziggurat)

   Slay+3:    It affects your accuracy & damage with ranged weapons and melee
   (+3).
   Regen+:    It increases your rate of health regeneration.
   Rampage:   It bestows one free step when moving towards enemies.
 g - +1 ice dragon scales
 h - the +3 pair of mountain boots (worn) {steadfast, rC+}
   (You found it on level 3 of the Crypt)

   Steadfast: It prevents involuntary movement, except for blinking,
   teleportation, or banishment.
   rC+:       It protects you from cold.
 i - the +3 cloak of the Saviour (worn) {Rampage rF- Stlth+}
   (You found it on level 3 of the Depths)

   rF-:       It makes you vulnerable to fire.
   Rampage:   It bestows one free step when moving towards enemies.
   Stlth+:    It makes you more stealthy.
 z - a +4 tower shield of reflection (worn)
 H - the +0 mask of the Dragon (worn) {Will+ Slay+3 SInv}
   (You found it on level 16 of a ziggurat)

   Slay+3:    It affects your accuracy & damage with ranged weapons and melee
   (+3).
   Will+:     It increases your willpower.
   SInv:      It lets you see invisible.
 M - the +3 pair of gauntlets of War (worn) {Slay+5}
   (You acquired it on level 3 of the Snake Pit)

   Slay+5:    It affects your accuracy & damage with ranged weapons and melee
   (+5).
 Q - a +2 helmet
Jewellery
 n - the ring "Cojulupe" (right hand) {rF++ rC+ Str+2 Dex+6}
   (You found it on level 2 of the Dungeon)

   [ring of dexterity]

   Str+2:     It affects your strength (+2).
   Dex+6:     It affects your dexterity (+6).
   rF++:      It greatly protects you from fire.
   rC+:       It protects you from cold.
 y - the ring "Nanomn" (left hand) {Fly Slay+3 SInv}
   (You bought it in a shop on level 1 of the Orcish Mines)

   [ring of flight]

   Slay+3:    It affects your accuracy & damage with ranged weapons and melee
   (+3).
   SInv:      It lets you see invisible.
   Fly:       It grants you flight.
 L - a ring of poison resistance
 P - the amulet of Eraqan {Reflect rElec rC+ Int+3 SH+5}
   (You found it on level 11 of a ziggurat)

   [amulet of reflection]

   Reflect:   It reflects blocked missile attacks.
   Int+3:     It affects your intelligence (+3).
   rC+:       It protects you from cold.
   rElec:     It insulates you from electricity.
   SH+5:      It affects your SH (+5).
 S - the amulet of Vitality (around neck) {Regen++ RegenMP++}
   (You bought it in a shop on level 1 of the Orcish Mines)

   [amulet of nothing]

   Regen++:   It increases your rate of health regeneration.
   RegenMP++: It increases your rate of magic regeneration.
 W - the ring of Ubru {Will+ AC+4 Int+3}
   (You found it on level 12 of a ziggurat)

   [ring of protection]

   AC+4:      It affects your AC (+4).
   Int+3:     It affects your intelligence (+3).
   Will+:     It increases your willpower.
 X - the ring of Ahecias {Str+4 Int+3 Dex-3 SInv}
   (You found it on level 16 of a ziggurat)

   [ring of see invisible]

   Str+4:     It affects your strength (+4).
   Int+3:     It affects your intelligence (+3).
   Dex-3:     It affects your dexterity (-3).
   SInv:      It lets you see invisible.
Talismans
 Z - the serpent talisman of the Arcane {SInv Stlth+}
   (You took it off Aizul on level 1 of the Snake Pit)

   [serpent talisman]

   SInv:      It lets you see invisible.
   Stlth+:    It makes you more stealthy.
Wands
 e - a wand of iceblast (29)
 k - a wand of flame (76)
 q - a wand of charming (34)
 E - a wand of light (23)
 F - a wand of polymorph (10)
 U - a wand of mindburst (16)
Scrolls
 f - 12 scrolls of teleportation
 m - 8 scrolls of fear
 r - 10 scrolls of immolation
 s - 3 scrolls of fog
 v - 3 scrolls of amnesia
 A - a scroll of silence
 J - 2 scrolls of vulnerability
 O - 40 scrolls of identify
 Y - 16 scrolls of blinking
Potions
 l - 7 potions of haste
 p - 16 potions of heal wounds
 t - 33 potions of curing
 u - a potion of might
 x - 2 potions of brilliance
Miscellaneous
 c - a lightning rod (4/4)
 j - a box of beasts
 B - a tin of tremorstones (2/2)
 I - a phial of floods
 N - a phantom mirror


   Skills:
 * Level 20.1 Fighting
 * Level 12.7 Long Blades
 * Level 22.4 Axes
 * Level 1.5 Ranged Weapons
 * Level 18.4 Armour
 * Level 15.3 Dodging
 * Level 16.5 Stealth
 * Level 20.8 Shields
 * Level 13.3 Spellcasting
 * Level 2.1 Fire Magic
 * Level 13.6 Evocations
 * Level 9.9 Shapeshifting


You had 43 spell levels left.
You knew the following spells:

 Your Spells              Type           Power      Damage    Failure   Level
a - Summon Horrible Thin  Summ           2%         N/A       100%        8
b - Kiss of Death         Conj/Necr      16%        2d6       52%         1

Your spell library contained the following spells:

 Spells                   Type           Power      Damage    Failure   Level
 Foxfire                  Conj/Fire      24%        2x1d5     36%         1
 Scorch                   Fire           14%        2d5       36%         2
 Apportation              Tloc           8%         N/A       52%         1
 Magic Dart               Conj           16%        1d3       52%         1
 Necrotise                Necr           16%        1d4       52%         1
 Sandblast                Erth           8%         2d5       52%         1
 Shock                    Conj/Air       16%        1d4       52%         1
 Slow                     Hex            16%        N/A       52%         1
 Sting                    Conj/Alch      16%        1d4       52%         1
 Summon Small Mammal      Summ           16%        N/A       52%         1
 Blink                    Tloc           8%         N/A       67%         2
 Call Imp                 Summ           8%         N/A       67%         2
 Cigotuvi's Dreadful Rot  Necr/Alch/Air  8%         N/A       67%         2
 Ensorcelled Hibernation  Hex/Ice        8%         N/A       67%         2
 Lesser Beckoning         Tloc           8%         N/A       67%         2
 Mercury Vapours          Alch/Air       8%         N/A       67%         2
 Searing Ray              Conj           8%         2d4       67%         2
 Static Discharge         Conj/Air       8%         3-4/arc   67%         2
 Sublimation of Blood     Necr           4%         N/A       67%         2
 Inner Flame              Hex/Fire       6%         N/A       77%         3
 Call Canine Familiar     Summ           4%         N/A       88%         3
 Confusing Touch          Hex            4%         N/A       88%         3
 Dazzling Flash           Conj/Hex       8%         N/A       88%         3
 Fugue of the Fallen      Necr           4%         N/A       88%         3
 Gell's Gravitas          Tloc           4%         N/A       88%         3
 Hailstorm                Conj/Ice       4%         3d5       88%         3
 Mephitic Cloud           Conj/Alch/Air  4%         N/A       88%         3
 Ozocubu's Armour         Ice            4%         N/A       88%         3
 Passwall                 Erth           4%         N/A       88%         3
 Sigil of Binding         Hex            4%         N/A       88%         3
 Stone Arrow              Conj/Erth      8%         3d7       88%         3
 Swiftness                Air            4%         N/A       88%         3
 Teleport Other           Tloc           4%         N/A       88%         3
 Tukima's Dance           Hex            4%         N/A       88%         3
 Vampiric Draining        Necr           4%         2d6       88%         3
 Anguish                  Hex/Necr       2%         N/A       99%         4
 Animate Armour           Summ/Erth      8%         N/A       99%         4
 Brom's Barrelling Bould  Conj/Erth      4%         2d3       99%         4
 Cause Fear               Hex            2%         N/A       99%         4
 Dimensional Bullseye     Hex/Tloc       2%         N/A       99%         4
 Dispel Undead            Necr           4%         3d7       99%         4
 Fulminant Prism          Conj/Alch      2%         3d5       99%         4
 Ignite Poison            Fire/Alch      6%         N/A       99%         4
 Iskenderun's Mystic Bla  Conj/Tloc      4%         2d3       99%         4
 Leda's Liquefaction      Alch/Erth      2%         N/A       99%         4
 Manifold Assault         Tloc           4%         N/A       99%         4
 Martyr's Knell           Necr/Summ      4%         N/A       99%         4
 Olgreb's Toxic Radiance  Alch           4%         N/A       99%         4
 Passage of Golubria      Tloc           4%         N/A       99%         4
 Petrify                  Alch/Erth      4%         N/A       99%         4
 Sticky Flame             Fire/Alch      6%         2d4       99%         4
 Summon Blazeheart Golem  Fire/Summ      6%         N/A       99%         4
 Summon Lightning Spire   Summ/Air       4%         N/A       99%         4
 Vhi's Electric Charge    Tloc/Air       8%         N/A       99%         4
 Alistair's Intoxication  Alch           2%         N/A       100%        5
 Arcjolt                  Conj/Air       2%         1d12      100%        5
 Borgnjor's Vile Clutch   Necr/Erth      2%         N/A       100%        5
 Curse of Agony           Necr           4%         N/A       100%        5
 Fireball                 Conj/Fire      3%         3d4       100%        5
 Freezing Cloud           Conj/Ice/Air   2%         6-21      100%        5
 Irradiate                Conj/Alch      2%         3d12      100%        5
 Lee's Rapid Deconstruct  Erth           2%         3d4*      100%        5
 Metabolic Englaciation   Hex/Ice        2%         N/A       100%        5
 Silence                  Hex/Air        2%         N/A       100%        5
 Yara's Violent Unravell  Hex/Alch       2%         3d3       100%        5
 Bombard                  Conj/Erth      2%         9d1       100%        6
 Conjure Ball Lightning   Conj/Air       2%         3x3d6     100%        6
 Death Channel            Necr           2%         N/A       100%        6
 Eringya's Noxious Bog    Alch           2%         4d6       100%        6
 Plasma Beam              Fire/Air       3%         2x1d13    100%        6
 Sculpt Simulacrum        Ice/Alch       2%         N/A       100%        6
 Starburst                Conj/Fire      3%         6d3       100%        6
 Malign Gateway           Summ/Tloc      2%         N/A       100%        7
 Monstrous Menagerie      Summ           2%         N/A       100%        7
 Orb of Destruction       Conj           2%         9d5       100%        7
 Spellforged Servitor     Conj/Summ      2%         N/A       100%        7
 Discord                  Hex            2%         N/A       100%        8
 Disjunction              Tloc           2%         N/A       100%        8
 Ignition                 Fire           3%         3d4       100%        8
 Infestation              Necr           2%         N/A       100%        8
 Lehudib's Crystal Spear  Conj/Erth      2%         10d2      100%        8
 Maxwell's Capacitive Co  Air            2%         ∞         100%        8
 Dragon's Call            Summ           2%         N/A       100%        9
 Shatter                  Erth           2%         3d6*      100%        9


Dungeon Overview and Level Annotations

Branches:
Dungeon (15/15)            Temple (1/1) D:4            Lair (5/5) D:11
  Swamp (0/4) Lair:2        Snake (4/4) Lair:2        Slime (0/5) Lair:5
    Orc (2/2) D:12            Elf (0/3) Orc:2        Vaults (5/5) D:13
  Crypt (3/3) Vaults:3       Tomb (0/3) Crypt:3      Depths (4/4) D:15
    Zot (0/5) Depths:4

Altars:
Ashenzari
Cheibriados
Dithmenos
Elyvilon
Fedhas
Gozag
Hepliaklqana
Kikubaaqudgha
Makhleb
Nemelex Xobeh
Okawaru
Qazlal
Ru
Sif Muna
Trog
Uskayaw
Vehumet
Wu Jian
Xom
Yredelemnul
Zin
The Shining One
Beogh
Lugonu

Shops:
Orc:1 !(=(=   Orc:2 *:(=   Vaults:1 ([   Vaults:2 (   Vaults:3 *   Crypt:1 [
Depths:1 =:=   Depths:3 (

Portals:
Hell: Lair:5 Depths:1 Depths:2 Depths:3 Depths:4
Abyss: Depths:3 Depths:4
Pandemonium: Depths:1 Depths:2

Annotations:
D:11 3 runed translucent doors, ShinQuickMan's ghost, journeyman HuCj
D:12 exclusion: orange crystal statue
D:14 Roxanne
Lair:2 1 runed translucent door, Fractals's ghost, journeyman MDFi
Orc:1 2 transporters, jasper's ghost, journeyman HuFi
Vaults:4 exclusions: 2 ice statues and 2 lightning spires
Depths:2 1 transporter
Depths:3 Parghit


Innate Abilities, Weirdness & Mutations

You have a somewhat thin skeletal structure. (Dex +2, Stealth+)
You are clumsy. (Dex -2)
Armour fits poorly on your strangely shaped body.
You are frail. (-10% HP)
Potions are less effective at restoring your health.
Your spells are a little easier to cast, but a little less powerful.
You occasionally lose the ability to drink potions when taking damage.
You occasionally lose the ability to read scrolls when taking damage.
Your health recovers twice as slowly from being drained.


Message History

You turn to flesh and can move again.
You see here 12 gold pieces.
Unknown command.
Unknown command.
The Ice Fiend calls on the powers of darkness!
Your body is wracked with pain!
You block the nargun's attack. x2
The Ice Fiend barely misses you. You block the Ice Fiend's attack.
You see here 68 gold pieces.
You slash the Ice Fiend!
The Ice Fiend is lightly wounded.
Unknown command.
You cut the Ice Fiend into ribbons!!!
The Ice Fiend is severely wounded.
The Ice Fiend gestures at you. The bolt of cold hits you! You resist.
The bolt of cold hits the nargun but does no damage.
The nargun barely misses you.
The nargun bites you but does no damage.
The Ice Fiend calls on the powers of darkness!
Your body is wracked with pain!
* * * LOW HITPOINT WARNING * * *
You cut the Ice Fiend into ribbons!!!
You kill the Ice Fiend!
You block the nargun's attack. x2
The Ice Fiend gestures at you. The bolt of cold hits you!! You resist.
* * * LOW HITPOINT WARNING * * *
Unknown command.
You see here 24 gold pieces.
Unknown command.
Unknown command.
The Ice Fiend calls on the powers of darkness!
Your body is wracked with pain!
* * * LOW HITPOINT WARNING * * *
The nargun attacks as it pursues you! You block the nargun's attack.
The nargun bites you!
* * * LOW HITPOINT WARNING * * *
The nargun freezes you! You resist.
You die...
Your body crumbles into a pile of gold.

.........#.............#.
................$........
...............$$.$......
................$.....$..
.............$.$$.$......
∩.............$$$$$......
..............$$1$.......
...............$9........
................@........
.........................
.........#.............#.
.........................
▓......#ß.ß#.........#ß.ß
...............
#.............#
...............


You could see an Ice Fiend and a nargun.

Vanquished Creatures
  A pandemonium lord (Zig:9)
  6 dread liches
  An ancient lich (Vaults:5)
  Mennas (Vaults:2)
  Mara (Snake:4)
  Sojobo (Vaults:2)
  10 shard shrikes
  Boris (thrice) (Vaults:4 Vaults:5 Crypt:3)
  Vashnia (Snake:2)
  Vv (Depths:2)
  Saint Roka (Depths:2)
  3 caustic shrikes
  7 golden dragons
  A profane servitor (Zig:19)
  2 bone dragons
  2 Brimstone Fiends (Zig:14)
  6 electric golems
  3 Tzitzimimeh
  4 iron giants
  21 Ice Fiends
  Jorgrun (Snake:1)
  13 liches
  6 walking frostbound tomes (Zig:20)
  7 tentacled monstrosities
  4 Hell Sentinels (Zig:16)
  2 walking divine tomes (Depths:3)
  A walking earthen tome (Depths:2)
  3 searing wretches (Zig:4)
  A quicksilver dragon (Vaults:5)
  4 tentacled starspawn
  13 titans
  7 sphinxes
  3 Executioners
  10 ancient champions
  A kraken (Abyss:3)
  10 nagarajas
  A shadow dragon (Depths:2)
  10 fire giants
  Aizul (Snake:1)
  13 storm dragons
  8 tengu reavers
  Donald (Snake:1)
  3 demonspawn warmongers
  A rockslime (Zig:5)
  4 quicksilver elementals (Zig:16)
  6 azure jellies
  3 iron dragons
  4 revenants
  3 draconian knights
  A daeva (Abyss:3)
  17 narguns
  18 vault wardens
  21 frost giants
  8 curse skulls
  A caustic shrike skeleton (Crypt:3)
  17 ironbound preservers
  2 cacodemons (Zig:19)
  2 balrugs
  A spriggan defender (Depths:2)
  A demonspawn blood saint (Zig:14)
  2 juggernaut skeletons
  2 orc warlords
  14 stone giants
  19 very ugly things
  14 ironbound thunderhulks
  3 demonspawn corrupters
  3 reapers
  A formless jellyfish (Vaults:1)
  4 deep elf death magi
  2 grey draconians (Depths:4)
  9 vampire knights
  A demonspawn black sun (Zig:14)
  2 red draconians (Depths:4)
  3 lorocyprocas
  2 black draconians (Depths:4)
  16 spark wasps
  10 dire elephants
  8 war gargoyles
  23 wendigos
  2 yellow draconians (Depths:4)
  4 crystal guardians (Vaults:4)
  Snorg (D:11)
  11 ettins
  2 green deaths
  3 blizzard demons (Zig:20)
  4 iron golems (Zig:16)
  Josephine (D:11)
  4 eidola
  2 quicksilver dragon zombies
  5 jiangshi
  2 entropy weavers
  34 vault guards
  8 fire dragons
  15 yaktaur captains
  2 spriggan zombies (Crypt:3)
  3 rakshasas
  4 great orbs of eyes
  6 salamander tyrants
  A peacekeeper (Vaults:4)
  2 ogre magi
  3 ghost crabs (Crypt:3)
  14 spriggan air magi
  6 hydras
  8 ice dragons
  3 juggernaut simulacra
  A quicksilver dragon skeleton (Vaults:3)
  3 radroaches (Vaults:4)
  A death knight (Crypt:1)
  15 centaur warriors
  5 caustic shrike simulacra
  12 ironbound frosthearts
  9 two-headed ogres
  36 starcursed masses
  9 anacondas
  7 tengu warriors
  8 boulder beetles
  A sphinx skeleton (D:15)
  14 death yaks
  9 deep troll shamans
  A demonic crawler (Zig:9)
  7 vampire magi
  10 deep troll earth magi
  5 spriggan berserkers
  13 thrashing horrors
  17 shock serpents
  21 naga sharpshooters
  20 naga warriors
  6 orc high priests
  3 occultists
  An Orb Guardian skeleton (Crypt:2)
  25 hell knights
  5 salamander mystics
  6 crystal echidnas (Zig:16)
  A soul eater (Zig:13)
  2 sun demons
  47 skeletal warriors
  5 spriggans
  2 sixfirhies
  8 iron trolls
  2 shadow wraiths
  6 wretched stars
  A storm dragon skeleton (D:15)
  2 death drakes (Vaults:4)
  A spatial maelstrom (Zig:19)
  A fire crab (shapeshifter) (Vaults:5)
  3 glowing orange brains
  2 sea snakes (Vaults:4)
  62 deep trolls
  2 anaconda zombies (Crypt:3)
  5 flayed ghosts
  9 mana vipers
  2 shadow demons
  23 ironbound convokers
  7 naga ritualists
  13 lindwurms
  4 spriggan simulacra
  6 large abominations
  10 arcanists
  16 orc knights
  3 orange crystal statues
  2 thermic dynamos (D:12)
  Pikel (D:7)
  3 harpies (Vaults:1)
  6 lightning spires
  3 deep elf pyromancers
  11 necromancers
  9 phantasmal warriors
  39 ugly things
  An anaconda skeleton (Crypt:3)
  3 orc sorcerers
  2 manticores
  A wolf spider (D:10)
  An obsidian bat (Zig:6)
  A shining eye (Zig:5)
  A sphinx simulacrum (Vaults:2)
  A manticore (shapeshifter) (Vaults:5)
  A worldbinder (Abyss:3)
  7 cyclopes
  A cyclops (shapeshifter) (Vaults:5)
  5 elephants (Lair:2)
  A will-o-the-wisp (Zig:19)
  11 guardian serpents
  29 salamanders
  A water nymph (shapeshifter) (Vaults:5)
  23 vault sentinels
  6 kobold blastminers
  A dire elephant zombie (Crypt:3)
  An ice statue (Zig:17)
  A centaur skeleton (Crypt:3)
  13 smoke demons
  A moth of wrath (shapeshifter) (Vaults:5)
  3 meliai (D:14)
  4 apocalypse crabs
  21 naga magi
  A stone giant skeleton (Vaults:3)
  34 black mambas
  4 gargoyles (Crypt:3)
  2 unseen horrors
  A cane toad (shapeshifter) (D:15)
  8 hellions
  3 orange demons
  9 cane toads
  9 rime drakes
  Maggie (D:7)
  2 efreet
  9 komodo dragons
  4 tengu conjurers
  A bunyip simulacrum (Abyss:3)
  2 freezing wraiths
  30 yaktaurs
  A swamp worm zombie (Crypt:1)
  3 red devils (Lair:5)
  4 tormentors
  A golden dragon simulacrum (Vaults:4)
  2 red draconian skeletons (Crypt:2)
  An ice devil (Lair:5)
  3 hellwings
  4 polar bears
  A harpy zombie (Crypt:3)
  7 ancient zymes
  A shadow dragon simulacrum (Zig:21)
  8 trolls
  A wolf spider simulacrum (D:15)
  A sea snake skeleton (Crypt:1)
  3 tarantellas (Vaults:4)
  20 blink frogs
  A harpy skeleton (Crypt:3)
  A tyrant leech (Lair:2)
  8 hornets
  2 wind drakes
  Grinder (D:5)
  12 raiju
  3 dream sheep (Lair:3)
  3 glass eyes
  24 slime creatures
  9 air elementals
  An ettin skeleton (Vaults:3)
  4 shadows
  3 fire dragon skeletons (Crypt:3)
  6 vampires
  Eustachio (D:4)
  2 centaur simulacra (D:15)
  15 wraiths
  A slime creature zombie (Crypt:2)
  7 wyverns
  4 ynoxinuls
  An alligator snapping turtle simulacrum (Vaults:4)
  A water elemental (D:15)
  7 neqoxecs
  Grum (D:11)
  7 vampire mosquitoes
  8 wargs
  59 yaks
  6 basilisks
  5 golden eyes
  4 humans (Lair:3)
  A redback (Vaults:4)
  A redback simulacrum (D:15)
  Menkaure (D:6)
  2 naga zombies (Crypt:3)
  A two-headed ogre zombie (Crypt:1)
  A swamp worm (Lair:2)
  A faun zombie (Crypt:1)
  2 hydra simulacra (Vaults:4)
  34 nagas
  Duvessa (D:6)
  4 acid dragons
  11 water moccasins
  3 human skeletons (Vaults:3)
  3 glowing shapeshifter skeletons
  4 hell hounds (Lair:5)
  56 orc warriors
  4 ice beasts
  A manticore zombie (Crypt:2)
  2 fire dragon simulacra (Vaults:4)
  3 black bears
  A human zombie (Vaults:2)
  3 sky beasts
  A swamp dragon zombie (Crypt:2)
  20 laughing skulls
  11 ogres
  22 wolves
  7 boggarts (Vaults:1)
  A phantom (D:7)
  17 centaurs
  A kobold brigand (D:10)
  4 lemures (D:7)
  2 draconian zombies
  2 gnoll sergeants
  11 bullfrogs
  An earth elemental (Abyss:3)
  5 small abominations (Abyss:3)
  4 scorpions
  A glowing shapeshifter simulacrum (Zig:18)
  10 wights
  A wyvern skeleton (Crypt:1)
  A troll zombie (Crypt:2)
  Dowan (D:6)
  4 killer bees (D:10)
  A snapping turtle simulacrum (Vaults:4)
  8 howler monkeys
  2 bombardier beetles (D:5)
  5 hounds
  A jelly (D:5)
  3 quasits (Abyss:3)
  Crazy Yiuf (D:5)
  2 gnoll boudas
  20 orc priests
  4 iron imps (Abyss:3)
  5 iguanas
  12 orc wizards
  A sleepcap (D:6)
  6 hell rats
  A hound skeleton (Crypt:2)
  13 gnolls
  9 river rats (Lair:5)
  8 adders
  A steam dragon zombie (Crypt:2)
  A shadow imp (D:6)
  A steam dragon skeleton (Crypt:1)
  5 white imps
  A ribbon worm zombie (Crypt:1)
  4 ufetubi (Abyss:3)
  3 dart slugs
  The ghost of Jigsaw the Sneak, a weakling VSDe (D:5)
  72 orcs
  4 bats
  10 endoplasms
  4 giant cockroaches
  4 goblins
  9 hobgoblins
  3 quokkas
  5 ball pythons
  A frilled lizard (D:3)
  8 kobolds
  10 rats
  A lurking horror (Abyss:3)
  3 starspawn tentacles
  4 tentacles (Abyss:3)
2239 creatures vanquished.

Vanquished Creatures (others)
  A pandemonium lord (Zig:14)
  An electric golem (Zig:15)
  A Tzitzimitl (Zig:9)
  A lich (Zig:19)
  An ancient champion (Zig:16)
  A wendigo (Zig:21)
  A blizzard demon (Zig:20)
  A rakshasa (Abyss:3)
  2 naga warriors
  A spriggan simulacrum (Zig:18)
  An ice statue (Zig:17)
  A vault sentinel (Vaults:5)
  A troll (shapeshifter) (Abyss:3)
  A polar bear (D:15)
  2 small abominations (Abyss:3)
  An orc wizard (D:11)
  2 endoplasms (D:2)
  2 foxfires (Zig:19)
  A lurking horror (Abyss:3)
  6 starspawn tentacles
  4 tentacles (Abyss:3)
33 creatures vanquished.

Grand Total: 2272 creatures vanquished

Notes
Turn   | Place    | Note
-------+----------+-------------------------------------------
     0 | D:1      | GigaChad the Human Fighter began the quest for the Orb.
     0 | D:1      | Reached XP level 1. HP: 18/18 MP: 1/1
     0 | D:1      | Entered explore mode.
   205 | D:1      | Reached XP level 2. HP: 24/24 MP: 2/2
   417 | D:1      | Reached XP level 3. HP: 29/29 MP: 3/3
   858 | D:2      | Found a faded altar of an unknown god.
   948 | D:2      | Reached XP level 4. HP: 32/35 MP: 4/4
  1033 | D:2      | Reached skill level 1 in Stealth
  1052 | D:2      | Reached skill level 3 in Axes
  1090 | D:2      | Identified the ring "Cojulupe" {rF++ rC+ Str+2 Dex+6}
  1444 | D:3      | Noticed a black bear
  1452 | D:3      | Slain by a black bear (10 damage)
  1453 | D:3      | Killed a black bear
  1454 | D:3      | Reached skill level 1 in Dodging
  1454 | D:3      | Reached XP level 5. HP: 41/41 MP: 5/5
  1454 | D:3      | Upgraded the game from 0.31-a0-978-g1e143483b6 to
                  | 0.31-a0-1204-ge2c1a860ed
  2145 | D:4      | Noticed an ogre
  2151 | D:4      | Demolished by an ogre
                  | ... wielding a +0 giant club
                  | (26 damage)
  2154 | D:4      | Killed an ogre
  2155 | D:4      | Reached skill level 4 in Axes
  2155 | D:4      | Reached XP level 6. HP: 47/47 MP: 6/6
  2261 | D:4      | HP: 1/47 [orc priest/+0 club (4)]
  2264 | D:4      | Slain by an orc wizard
                  | ... wielding a +0 dagger
                  | (4 damage)
  2278 | D:4      | Noticed Eustachio
  2307 | D:4      | HP: 1/47 [quasit[Eustachio] (3)]
  2308 | D:4      | Slain by a quasit (1 damage)
                  | ... summoned by Eustachio
  2310 | D:4      | Upgraded the game from 0.31-a0-1204-ge2c1a860ed to
                  | 0.32-a0-42-ga30500b4d3
  2322 | D:4      | HP: 2/47 [bat[Eustachio] (1)]
  2323 | D:4      | Slain by Eustachio
                  | ... wielding a +0 rapier
                  | (5 damage)
  2327 | D:4      | Killed Eustachio
  2328 | D:4      | Reached XP level 7. HP: 45/53 MP: 7/7
  2335 | D:4      | Upgraded the game from 0.32-a0-42-ga30500b4d3 to
                  | 0.32-a0-779-g362cfcae2a
  2779 | D:4      | Found a staircase to the Ecumenical Temple.
  2799 | Temple   | Entered the Ecumenical Temple
  2883 | D:4      | Found a bloodstained altar of Trog.
  3207 | D:5      | Entered Level 5 of the Dungeon
  3217 | D:5      | Reached skill level 5 in Axes
  3319 | D:5      | Identified the +1 rapier "Iweucasa" {holy, Dex+5}
  3576 | D:5      | HP: 1/54 [gnoll bouda/+0 club (6)]
  3577 | D:5      | Slain by a gnoll bouda
                  | ... wielding a +0 club
                  | (1 damage)
  3586 | D:5      | Slain by an iguana (12 damage)
  3594 | D:5      | Reached skill level 5 in Armour
  3809 | D:5      | Found a runed translucent door.
  3810 | D:5      | Noticed Crazy Yiuf
  3835 | D:5      | Noticed Grinder
  3846 | D:5      | Paralysed by Grinder for 4 turns
  3854 | D:5      | Reached XP level 8. HP: 41/60 MP: 8/8
  3856 | D:5      | Killed Grinder
  4091 | D:5      | Reached skill level 6 in Axes
  4100 | D:5      | Engulfed by a cloud of poison gas (9 damage)
  4105 | D:5      | HP: 3/61 [poisoned by you (poison gas)]
  4106 | D:5      | Succumbed to their own poison gas
  4237 | D:5      | Found a runed translucent door.
  4399 | D:5      | Noticed Jigsaw's ghost (weakling VSDe)
  4415 | D:5      | Killed Jigsaw's ghost
  4485 | D:5      | Killed Crazy Yiuf
  5082 | D:6      | Reached skill level 5 in Fighting
  5089 | D:6      | Reached XP level 9. HP: 35/66 MP: 9/9
  5104 | D:6      | Reached skill level 7 in Axes
  5838 | D:6      | Noticed Menkaure
  5840 | D:6      | Noticed Dowan
  5844 | D:6      | Noticed Duvessa
  5845 | D:6      | Killed Dowan
  5849 | D:6      | HP: 2/68 [Menkaure/nerve-wracking pain (6)]
  5849 | D:6      | Mangled by Duvessa
                  | ... wielding a +0 rapier
                  | (15 damage)
  5851 | D:6      | Killed Menkaure
  5851 | D:6      | Killed Duvessa
  5968 | D:6      | Identified the +1 dagger of Exoneration {vamp, rF+ Int+3
                  | Dex-2}
  6284 | D:7      | Noticed Maggie
  6305 | D:7      | HP: 2/68 [Maggie/bolt of fire (6)]
  6313 | D:7      | Slain by Maggie
                  | ... wielding a +0 heavy halberd
                  | (4 damage)
  6318 | D:7      | Killed Maggie
  6320 | D:7      | Noticed Pikel
  6329 | D:7      | Reached skill level 8 in Axes
  6329 | D:7      | Reached skill level 5 in Shields
  6338 | D:7      | Mangled by Pikel
                  | ... wielding a +2 whip of electrocution
                  | (18 damage)
  6354 | D:7      | Killed Pikel
  6885 | D:7      | Reached XP level 10. HP: 66/76 MP: 10/10
  7253 | D:7      | Found an opulent altar of Gozag.
  7253 | D:7      | Found a glowing golden altar of the Shining One.
  7253 | D:7      | Found a white marble altar of Elyvilon.
  7265 | D:7      | Found a hazy altar of Hepliaklqana.
  7268 | D:7      | Found an iron altar of Okawaru.
  7319 | D:7      | Paralysed by a hornet for 1 turns
  7326 | D:7      | HP: 3/65 [poisoned by a hornet]
  7327 | D:7      | Succumbed to a hornet's poison
  7330 | D:7      | Paralysed by a hornet for 1 turns
  7390 | D:7      | Became a worshipper of Gozag Ym Sagoz the Greedy
  7644 | D:8      | Reached skill level 9 in Axes
  7644 | D:8      | Reached skill level 5 in Stealth
  7649 | D:8      | HP: 2/73 [orc warrior/+0 trident (6)]
  7649 | D:8      | Slain by an ice beast (4 damage)
  8427 | D:8      | Identified the +5 flail of Twilight {pain, *Corrode rElec
                  | SInv Stlth+}
  8431 | D:8      | Identified the +4 spear of Food {flame, rF+ Str+2 SInv}
  8450 | D:8      | n
  8755 | D:9      | Learned a level 8 spell: Summon Horrible Things
  8999 | D:9      | Noticed a two-headed ogre
  9011 | D:9      | Mangled by a two-headed ogre
                  | ... wielding a +0 giant club
                  | (21 damage)
  9012 | D:9      | Killed a two-headed ogre
  9259 | D:9      | Reached skill level 1 in Spellcasting
  9540 | D:9      | Killed by vampiric draining
                  | ... invoked by a vampire
                  | (13 damage)
  9555 | D:9      | Reached skill level 10 in Axes
  9568 | D:9      | HP: 3/77 [vampire/vampiric draining (13)]
  9569 | D:9      | Slain by a vampire (5 damage)
 10233 | D:10     | Entered Level 10 of the Dungeon
 10244 | D:10     | Reached XP level 11. HP: 73/83 MP: 12/12
 10270 | D:10     | Reached skill level 5 in Dodging
 10275 | D:10     | Learned a level 1 spell: Kiss of Death
 10410 | D:10     | Noticed a wolf spider
 10412 | D:10     | Noticed a two-headed ogre
 10413 | D:10     | Noticed a skeletal warrior
 10417 | D:10     | Slain by a wolf spider (12 damage)
 10421 | D:10     | Slain by a wolf spider (13 damage)
 10425 | D:10     | HP: 4/83 [wolf spider (7)]
 10425 | D:10     | Slain by a wolf spider (8 damage)
 10428 | D:10     | Slain by a wolf spider (9 damage)
 10428 | D:10     | Noticed a manticore
 10432 | D:10     | Succumbed to a wolf spider's poison
 10434 | D:10     | Killed a wolf spider
 10435 | D:10     | HP: 4/84 [skeletal warrior/+0 long sword (15)]
 10436 | D:10     | Annihilated by a skeletal warrior
                  | ... wielding a +0 long sword
                  | (25 damage)
 10438 | D:10     | Noticed a red ugly thing
 10441 | D:10     | Noticed a centaur warrior
 10441 | D:10     | Slain by a two-headed ogre
                  | ... wielding a +0 giant club
                  | (13 damage)
 10446 | D:10     | HP: 4/84 [two-headed ogre/+0 giant club (6)]
 10446 | D:10     | Mangled by a skeletal warrior
                  | ... wielding a +0 long sword
                  | (15 damage)
 10448 | D:10     | Killed a two-headed ogre
 10449 | D:10     | Noticed a two-headed ogre
 10450 | D:10     | Noticed a cyclops
 10452 | D:10     | Slain by a red ugly thing (11 damage)
 10456 | D:10     | Slain by an orc warrior
                  | ... wielding a +0 war axe
                  | (9 damage)
 10458 | D:10     | Killed a skeletal warrior
 10460 | D:10     | Paralysed by a hornet for 1 turns
 10461 | D:10     | Killed a centaur warrior
 10461 | D:10     | HP: 1/84 [poisoned by a hornet]
 10462 | D:10     | Succumbed to a hornet's poison
 10466 | D:10     | Slain by a hornet (6 damage)
 10466 | D:10     | Paralysed by a hornet for 3 turns
 10470 | D:10     | Hit by a large rock thrown by a cyclops (15 damage)
 10474 | D:10     | Slain by an orc warrior
                  | ... wielding a +0 war axe
                  | (9 damage)
 10475 | D:10     | Slain by a two-headed ogre
                  | ... wielding a +0 giant spiked club
                  | (24 damage)
 10476 | D:10     | Killed a two-headed ogre
 10478 | D:10     | HP: 3/84 [red ugly thing (4)]
 10478 | D:10     | Slain by a killer bee (7 damage)
 10480 | D:10     | Killed a cyclops
 10481 | D:10     | Slain by a red ugly thing (6 damage)
 10492 | D:10     | Slain by a manticore (5 damage)
 10497 | D:10     | Killed a manticore
 10497 | D:10     | Killed a red ugly thing
 10501 | D:10     | Reached skill level 11 in Axes
 10501 | D:10     | Slain by a killer bee (6 damage)
 10750 | D:10     | Identified the +6 war axe of Eminent Domain {flame, MP-9
                  | Str+3}
 11695 | D:11     | Noticed a two-headed ogre
 11711 | D:11     | Killed a two-headed ogre
 11712 | D:11     | Reached XP level 12. HP: 32/92 MP: 16/16
 11745 | D:11     | Noticed Josephine
 11764 | D:11     | Killed Josephine
 11765 | D:11     | HP: 2/89 [wraith[Josephine] (4)]
 11767 | D:11     | Slain by a wraith (4 damage)
                  | ... led by Josephine
 11822 | D:11     | Noticed Snorg
 11836 | D:11     | Slain by Snorg (10 damage)
 11842 | D:11     | Slain by Snorg (9 damage)
 11849 | D:11     | HP: 1/92 [Snorg (6)]
 11850 | D:11     | Slain by Snorg (1 damage)
 11858 | D:11     | Killed Snorg
 11861 | D:11     | Noticed Grum
 11888 | D:11     | Killed Grum
 12115 | D:11     | Found a staircase to the Lair.
 12282 | D:11     | Found a runed translucent gate.
 12282 | D:11     | Found a runed translucent gate.
 12282 | D:11     | Found a runed translucent gate.
 12287 | D:11     | Noticed ShinQuickMan's ghost (journeyman HuCj)
 12663 | D:12     | Found a staircase to the Orcish Mines.
 12914 | D:12     | Noticed a two-headed ogre
 12924 | D:12     | HP: 3/93 [two-headed ogre/+0 giant club (18)]
 12924 | D:12     | Slain by a two-headed ogre
                  | ... wielding a +0 giant club
                  | (4 damage)
 12928 | D:12     | Killed a two-headed ogre
 12929 | D:12     | Upgraded the game from 0.32-a0-779-g362cfcae2a to
                  | 0.32-a0-791-gfc315c9ecd
 13167 | D:12     | Found a runed translucent door.
 13213 | D:12     | Mangled by a thermic dynamo (12 damage)
 13218 | D:12     | HP: 3/93 [thermic dynamo (4)]
 13218 | D:12     | Slain by a thermic dynamo (5 damage)
 13223 | D:12     | Slain by a thermic dynamo (6 damage)
 13227 | D:12     | Killed from afar by a thermic dynamo (19 damage)
                  | ... with a rebounding bolt of cold
 13238 | D:12     | HP: 4/94 [smoke demon[an orange crystal statue] (3)]
 13239 | D:12     | Slain by an acid dragon (7 damage)
                  | ... summoned by an orange crystal statue
 13320 | D:12     | Slain by a skeletal warrior
                  | ... wielding a +1 heavy long sword
                  | (15 damage)
 13322 | D:12     | Reached skill level 12 in Axes
 13480 | D:12     | Reached skill level 10 in Armour
 13480 | D:12     | Reached skill level 1 in Evocations
 13700 | D:13     | Noticed a centaur warrior
 13704 | D:13     | HP: 2/94 [centaur/arrow[a centaur warrior] (9)]
 13705 | D:13     | Slain by a vampire mosquito (5 damage)
 13718 | D:13     | Killed a centaur warrior
 13719 | D:13     | Reached XP level 13. HP: 19/99 MP: 18/18
 13724 | D:13     | Demolished by a large slime creature (36 damage)
 13838 | D:13     | Hit by a large rock thrown by a cyclops (28 damage)
 13856 | D:13     | Slain by a tengu warrior
                  | ... wielding a +1 vampiric war axe
                  | (16 damage)
 14083 | D:13     | HP: 2/100 [slime creature (4)]
 14085 | D:13     | Mangled by a slime creature (16 damage)
 14213 | Lair:1   | Entered Level 1 of the Lair of Beasts
 14464 | Lair:1   | HP: 5/101 [polar bear (8)]
 14467 | Lair:1   | Slain by a polar bear (10 damage)
 15419 | Lair:2   | HP: 4/101 [yak (10)]
 15427 | Lair:2   | Mangled by a death yak (15 damage)
 15571 | Lair:2   | HP: 4/101 [12-headed hydra (3)]
 15572 | Lair:2   | Mangled by a 13-headed hydra (13 damage)
 15576 | Lair:2   | HP: 4/101 [16-headed hydra (3)]
 15576 | Lair:2   | Mangled by a 16-headed hydra (10 damage)
 15580 | Lair:2   | Mangled by an 18-headed hydra (13 damage)
 15582 | Lair:2   | HP: 4/101 [20-headed hydra (6)]
 15582 | Lair:2   | Mangled by a 20-headed hydra (8 damage)
 15584 | Lair:2   | Slain by a 19-headed hydra (12 damage)
 15587 | Lair:2   | HP: 2/101 [20-headed hydra (8)]
 15587 | Lair:2   | Mangled by a 20-headed hydra (10 damage)
 15589 | Lair:2   | Slain by a 20-headed hydra (10 damage)
 15799 | Lair:2   | HP: 1/101 [14-headed hydra (6)]
 15799 | Lair:2   | Slain by a 14-headed hydra (4 damage)
 15805 | Lair:2   | HP: 3/101 [17-headed hydra (11)]
 15805 | Lair:2   | Slain by a 17-headed hydra (5 damage)
 15807 | Lair:2   | Slain by a 17-headed hydra (11 damage)
 15813 | Lair:2   | HP: 3/101 [20-headed hydra (4)]
 15813 | Lair:2   | Mangled by a 20-headed hydra (11 damage)
 15817 | Lair:2   | Slain by a 19-headed hydra (10 damage)
 15849 | Lair:2   | HP: 4/101 [water moccasin (5)]
 15850 | Lair:2   | HP: 1/101 [poisoned by a water moccasin]
 15851 | Lair:2   | Succumbed to a water moccasin's poison
 15964 | Lair:2   | Found a staircase to the Snake Pit.
 15979 | Lair:2   | Slain by a naga
                  | ... wielding a +0 glaive
                  | (10 damage)
 16057 | Lair:2   | Reached skill level 13 in Axes
 16372 | Lair:2   | Found a runed translucent door.
 16372 | Lair:2   | Noticed Fractals's ghost (journeyman MDFi)
 16619 | Lair:2   | Reached XP level 14. HP: 97/108 MP: 21/21
 16787 | Lair:2   | Found a staircase to the Swamp.
 16805 | Lair:2   | HP: 1/108 [swamp worm (10)]
 16806 | Lair:2   | Slain by a blink frog (3 damage)
 17435 | Snake:1  | Entered Level 1 of the Snake Pit
 17456 | Snake:1  | HP: 2/108 [constriction (6)]
 17457 | Snake:1  | Demolished by a naga warrior
                  | ... wielding a +1 vampiric trident
                  | (20 damage)
 17602 | Snake:1  | Slain by a salamander
                  | ... wielding a +0 halberd
                  | (29 damage)
 17610 | Snake:1  | Succumbed to naga's concentrated venom
 17779 | Snake:1  | Reached skill level 5 in Spellcasting
 17927 | Snake:1  | HP: 3/109 [naga warrior/+0 glaive (18)]
 17927 | Snake:1  | Constricted to death by a naga warrior (3 damage)
 17929 | Snake:1  | Slain by a guardian serpent (10 damage)
 17932 | Snake:1  | Succumbed to a guardian serpent's bolt of poison
 17935 | Snake:1  | Slain by a naga warrior
                  | ... wielding a +0 long sword
                  | (19 damage)
 17940 | Snake:1  | HP: 3/109 [naga warrior/+0 long sword (21)]
 17941 | Snake:1  | Succumbed to a naga warrior's splash of poison
 17949 | Snake:1  | HP: 5/109 [poisoned by a naga warrior (splash of poison)]
 17950 | Snake:1  | Succumbed to a naga warrior's splash of poison
 17957 | Snake:1  | Succumbed to a naga's splash of poison
 18134 | Snake:1  | Noticed Donald
 18146 | Snake:1  | Slain by Donald
                  | ... wielding a +0 long sword
                  | (29 damage)
 18151 | Snake:1  | Killed Donald
 18534 | Snake:1  | Noticed Jorgrun
 18551 | Snake:1  | Killed Jorgrun
 19086 | Snake:1  | Identified the serpent talisman of the Arcane {SInv Stlth+}
 19086 | Snake:1  | Noticed Aizul
 19090 | Snake:1  | Killed from afar by Aizul (36 damage)
                  | ... with a bolt of poison
 19096 | Snake:1  | HP: 1/109 [poisoned by Aizul (poison arrow)]
 19097 | Snake:1  | Succumbed to Aizul's poison arrow
 19102 | Snake:1  | Succumbed to Aizul's bolt of poison
 19111 | Snake:1  | HP: 4/109 [Aizul (4)]
 19113 | Snake:1  | Succumbed to Aizul's bolt of poison
 19119 | Snake:1  | HP: 5/109 [poisoned by Aizul (bolt of poison)]
 19119 | Snake:1  | Killed from afar by Aizul (11 damage)
                  | ... with a poison arrow
 19122 | Snake:1  | Killed Aizul
 19296 | Snake:1  | Found a basalt altar of Yredelemnul.
 19427 | Snake:1  | Reached skill level 10 in Fighting
 19624 | Snake:2  | Slain by a shock serpent (7 damage)
 19942 | Snake:2  | Killed from afar by a shock serpent (19 damage)
                  | ... with a bolt of electricity
 19978 | Snake:2  | HP: 4/110 [poisoned by a naga warrior (splash of poison)]
 19982 | Snake:2  | HP: 1/110 [poisoned by a naga warrior (splash of poison)]
 19983 | Snake:2  | Succumbed to a naga warrior's splash of poison
 20156 | Snake:2  | Killed from afar by a shock serpent (12 damage)
                  | ... with a bolt of electricity
 20162 | Snake:2  | HP: 5/110 [shock serpent (5)]
 20162 | Snake:2  | Mangled by a shock serpent (14 damage)
 20264 | Snake:2  | Noticed Vashnia
 20267 | Snake:2  | Shot with an arrow by a naga sharpshooter (17 damage)
                  | ... led by Vashnia
 20275 | Snake:2  | Shot with a bolt by a naga sharpshooter (8 damage)
                  | ... led by Vashnia
 20282 | Snake:2  | Killed from afar by a naga sharpshooter (17 damage)
                  | ... with a splash of poison
                  | ... led by Vashnia
 20284 | Snake:2  | Shot with a bolt by a naga sharpshooter (20 damage)
                  | ... led by Vashnia
 20289 | Snake:2  | Shot with an arrow by Vashnia (11 damage)
 20293 | Snake:2  | Succumbed to Vashnia's splash of poison
 20296 | Snake:2  | Shot with an arrow by Vashnia (20 damage)
 20314 | Snake:2  | HP: 5/110 [naga sharpshooter/bolt[Vashnia] (13)]
 20315 | Snake:2  | HP: 2/110 [poisoned by Vashnia (splash of poison)]
 20316 | Snake:2  | Succumbed to Vashnia's splash of poison
 20325 | Snake:2  | Shot with a bolt by a naga sharpshooter (18 damage)
                  | ... led by Vashnia
 20342 | Snake:2  | Shot with a bolt by a naga sharpshooter (17 damage)
                  | ... led by Vashnia
 20352 | Snake:2  | Shot with an arrow by Vashnia (25 damage)
 20362 | Snake:2  | HP: 3/110 [poisoned by a naga sharpshooter (splash of
                  | poison)]
 20362 | Snake:2  | Shot with a bolt by a naga sharpshooter (29 damage)
                  | ... led by Vashnia
 20371 | Snake:2  | HP: 5/110 [naga sharpshooter/bolt[Vashnia] (3)]
 20373 | Snake:2  | Shot with a bolt by a naga sharpshooter (21 damage)
                  | ... led by Vashnia
 20387 | Snake:2  | HP: 3/110 [naga sharpshooter/splash of poison[Vashnia] (9)]
 20388 | Snake:2  | Succumbed to a naga sharpshooter's splash of poison
 20397 | Snake:2  | Killed from afar by Vashnia (19 damage)
                  | ... with a splash of poison
 20409 | Snake:2  | HP: 5/110 [poisoned by Vashnia (splash of poison)]
 20415 | Snake:2  | Shot with an arrow by Vashnia (5 damage)
 20427 | Snake:2  | Shot with an arrow by Vashnia (28 damage)
 20433 | Snake:2  | HP: 5/110 [poisoned by Vashnia (splash of poison)]
 20433 | Snake:2  | Shot with an arrow by Vashnia (33 damage)
 20451 | Snake:2  | HP: 5/110 [constriction (6)]
 20452 | Snake:2  | Shot with an arrow by Vashnia (12 damage)
 20459 | Snake:2  | Constricted to death by Vashnia (8 damage)
 20480 | Snake:2  | HP: 2/110 [Vashnia/splash of poison (24)]
 20481 | Snake:2  | Succumbed to Vashnia's splash of poison
 20499 | Snake:2  | HP: 2/110 [poisoned by Vashnia (splash of poison)]
 20500 | Snake:2  | Succumbed to Vashnia's splash of poison
 20516 | Snake:2  | Killed from afar by Vashnia (29 damage)
                  | ... with a splash of poison
 20528 | Snake:2  | Shot with an arrow by Vashnia (36 damage)
 20537 | Snake:2  | Killed from afar by Vashnia (9 damage)
                  | ... with a splash of poison
 20549 | Snake:2  | HP: 4/110 [Vashnia/arrow (19)]
 20552 | Snake:2  | Killed from afar by Vashnia (17 damage)
                  | ... with a splash of poison
 20566 | Snake:2  | Killed Vashnia
 21171 | Snake:2  | HP: 4/110 [poisoned by a guardian serpent (bolt of poison)]
 21172 | Snake:2  | Succumbed to a guardian serpent's bolt of poison
 21191 | Snake:2  | HP: 4/110 [salamander/+0 trident (5)]
 21191 | Snake:2  | Slain by a salamander
                  | ... wielding a +0 trident
                  | (4 damage)
 21199 | Snake:2  | Slain by a salamander
                  | ... wielding a +0 trident
                  | (11 damage)
 21563 | Snake:3  | HP: 1/110 [naga sharpshooter/arrow (15)]
 21563 | Snake:3  | Demolished by a naga
                  | ... wielding a +0 battleaxe
                  | (20 damage)
 21566 | Snake:3  | Annihilated by a naga
                  | ... wielding a +0 battleaxe
                  | (36 damage)
 21568 | Snake:3  | Reached skill level 14 in Axes
 21568 | Snake:3  | HP: 3/110 [constriction (5)]
 21569 | Snake:3  | Succumbed to a black mamba's poison
 21570 | Snake:3  | Reached skill level 10 in Shields
 21570 | Snake:3  | Reached XP level 15. HP: 105/115 MP: 23/23
 21571 | Snake:3  | Killed from afar by a naga warrior (37 damage)
                  | ... with a splash of poison
 21574 | Snake:3  | Succumbed to a naga ritualist's toxic radiance
 21575 | Snake:3  | Killed from afar by a naga ritualist (28 damage)
                  | ... with a splash of poison
 21581 | Snake:3  | Succumbed to a naga ritualist's splash of poison
 21749 | Snake:3  | HP: 1/115 [naga sharpshooter/bolt (20)]
 21750 | Snake:3  | Succumbed to a guardian serpent's bolt of poison
 21754 | Snake:3  | HP: 2/115 [poisoned by a naga sharpshooter (splash of
                  | poison)]
 21754 | Snake:3  | Slain by a naga
                  | ... wielding a +0 hand axe
                  | (5 damage)
 21759 | Snake:3  | HP: 4/116 [poisoned by a naga (splash of poison)]
 21759 | Snake:3  | Mangled by a guardian serpent (11 damage)
 21762 | Snake:3  | Slain by a naga
                  | ... wielding a +0 hand axe
                  | (12 damage)
 21768 | Snake:3  | Reached skill level 5 in Evocations
 21768 | Snake:3  | Killed from afar by a guardian serpent (20 damage)
                  | ... with a bolt of poison
 21773 | Snake:3  | HP: 5/116 [poisoned by a naga warrior (splash of poison)]
 21774 | Snake:3  | HP: 1/116 [poisoned by a naga warrior (splash of poison)]
 21775 | Snake:3  | Succumbed to a naga warrior's splash of poison
 21780 | Snake:3  | Killed from afar by a naga warrior (14 damage)
                  | ... with a splash of poison
 21782 | Snake:3  | Constricted to death by a naga warrior (10 damage)
 21784 | Snake:3  | Killed from afar by a naga warrior (13 damage)
                  | ... with a splash of poison
 21787 | Snake:3  | Demolished by a naga warrior
                  | ... wielding a +0 halberd
                  | (30 damage)
 21789 | Snake:3  | HP: 2/116 [poisoned by a naga mage (splash of poison)]
 21789 | Snake:3  | Slain by a naga warrior
                  | ... wielding a +0 halberd
                  | (6 damage)
 21793 | Snake:3  | Succumbed to a naga warrior's splash of poison
 21794 | Snake:3  | Slain by a naga warrior
                  | ... wielding a +0 halberd
                  | (21 damage)
 21797 | Snake:3  | HP: 3/117 [naga warrior/+0 halberd (19)]
 21797 | Snake:3  | Constricted to death by a naga warrior (6 damage)
 22280 | Snake:3  | HP: 3/117 [black mamba (11)]
 22281 | Snake:3  | Succumbed to a black mamba's poison
 24114 | Snake:3  | HP: 3/117 [shock serpent/electric aura (8)]
 24115 | Snake:3  | Killed from afar by a shock serpent (6 damage)
                  | ... with an electric aura
 24148 | Snake:3  | HP: 5/117 [poisoned by a naga ritualist (toxic radiance)]
 24148 | Snake:3  | HP: 2/117 [naga ritualist/Olgreb's Toxic Radiance (3)]
 24148 | Snake:3  | Constricted to death by a naga ritualist (3 damage)
 24757 | Snake:3  | Killed from afar by a shock serpent (22 damage)
                  | ... with a bolt of electricity
 24761 | Snake:3  | Killed from afar by a naga mage (20 damage)
                  | ... with a splash of poison
 24763 | Snake:3  | HP: 5/117 [something (4)]
 24763 | Snake:3  | Succumbed to a naga mage's bolt of poison
 24766 | Snake:3  | Succumbed to naga mage's concentrated venom
 24773 | Snake:3  | HP: 5/117 [anaconda (1)]
 24773 | Snake:3  | Mangled by a naga mage
                  | ... wielding a +0 spear
                  | (11 damage)
 24801 | Snake:3  | Identified a scroll of acquirement
 24802 | Snake:3  | Acquired the +3 pair of gauntlets of War {Slay+5}
 24802 | Snake:3  | Found the +3 pair of gauntlets of War {Slay+5}
 25374 | Snake:4  | Entered Level 4 of the Snake Pit
 25523 | Snake:4  | Noticed Mara
 25533 | Snake:4  | HP: 3/117 [salamander tyrant (6)]
 25534 | Snake:4  | HP: 1/117 [salamander (2)]
 25534 | Snake:4  | Slain by a salamander (3 damage)
 25541 | Snake:4  | HP: 1/117 [Mara (illusionary)/+4 demon trident of venom
                  | (5)]
 25541 | Snake:4  | Slain by a salamander tyrant (1 damage)
 25544 | Snake:4  | Noticed GigaChad's illusion
 25549 | Snake:4  | Succumbed to Mara's poison
 25563 | Snake:4  | HP: 4/117 [poisoned by Mara]
 25564 | Snake:4  | Succumbed to Mara's poison
 25571 | Snake:4  | HP: 4/117 [poisoned by Mara]
 25572 | Snake:4  | Succumbed to Mara's poison
 25578 | Snake:4  | Succumbed to Mara's poison
 25589 | Snake:4  | Slain by Mara (illusionary)
                  | ... wielding a +4 demon trident of venom
                  | (14 damage)
 25596 | Snake:4  | Mangled by GigaChad's illusion (illusionary) (15 damage)
                  | ... woven by Mara
 25603 | Snake:4  | HP: 5/117 [Mara (illusionary)/+4 demon trident of venom
                  | (4)]
 25603 | Snake:4  | Slain by Mara
                  | ... wielding a +4 demon trident of venom
                  | (6 damage)
 25621 | Snake:4  | Slain by GigaChad's illusion (illusionary) (14 damage)
                  | ... woven by Mara
 25636 | Snake:4  | HP: 1/117 [poisoned by Mara]
 25637 | Snake:4  | Succumbed to Mara's poison
 25642 | Snake:4  | Noticed GigaChad's illusion
 25647 | Snake:4  | Demolished by Mara (illusionary)
                  | ... wielding a +4 demon trident of venom
                  | (24 damage)
 25653 | Snake:4  | Noticed GigaChad's illusion
 25661 | Snake:4  | HP: 2/117 [poisoned by Mara]
 25662 | Snake:4  | Succumbed to Mara's poison
 25672 | Snake:4  | HP: 2/117 [poisoned by Mara]
 25673 | Snake:4  | Succumbed to Mara's poison
 25685 | Snake:4  | HP: 3/117 [Mara/+4 demon trident of venom (3)]
 25685 | Snake:4  | Slain by GigaChad's illusion (illusionary) (6 damage)
                  | ... woven by Mara
 25697 | Snake:4  | Mangled by Mara (illusionary)
                  | ... wielding a +4 demon trident of venom
                  | (20 damage)
 25705 | Snake:4  | Noticed GigaChad's illusion
 25707 | Snake:4  | HP: 2/117 [Mara (illusionary)/+4 demon trident of venom
                  | (5)]
 25708 | Snake:4  | Succumbed to Mara's poison
 25713 | Snake:4  | Mangled by Mara (illusionary)
                  | ... wielding a +4 demon trident of venom
                  | (23 damage)
 25719 | Snake:4  | Slain by GigaChad's illusion (illusionary) (9 damage)
                  | ... woven by Mara
 25731 | Snake:4  | Noticed a nagaraja
 25732 | Snake:4  | Shot with a bolt by a naga sharpshooter (21 damage)
 25735 | Snake:4  | Killed from afar by a shock serpent (27 damage)
                  | ... with a bolt of electricity
 25738 | Snake:4  | Succumbed to Mara's poison
 25741 | Snake:4  | Succumbed to Mara's poison
 25746 | Snake:4  | Noticed GigaChad's illusion
 25746 | Snake:4  | Killed from afar by a naga warrior (17 damage)
                  | ... with a splash of poison
 25749 | Snake:4  | Succumbed to a nagaraja's poison arrow
 25751 | Snake:4  | Succumbed to Mara's poison
 25756 | Snake:4  | HP: 4/118 [poisoned by a naga warrior (splash of poison)]
 25756 | Snake:4  | Killed from afar by a nagaraja (6 damage)
                  | ... with a bolt of poison
 25759 | Snake:4  | Shot with a bolt by a naga sharpshooter (9 damage)
 25762 | Snake:4  | Succumbed to Mara's poison
 25765 | Snake:4  | HP: 5/118 [naga sharpshooter/arrow (1)]
 25765 | Snake:4  | Slain by Mara
                  | ... wielding a +4 demon trident of venom
                  | (8 damage)
 25766 | Snake:4  | Killed a nagaraja
 25770 | Snake:4  | HP: 5/118 [naga sharpshooter/bolt (17)]
 25771 | Snake:4  | Succumbed to Mara's poison
 25778 | Snake:4  | Slain by Mara (illusionary)
                  | ... wielding a +4 demon trident of venom
                  | (15 damage)
 25779 | Snake:4  | Reached XP level 16. HP: 125/125 MP: 25/25
 25791 | Snake:4  | Succumbed to Mara's poison
 25794 | Snake:4  | Noticed GigaChad's illusion
 25798 | Snake:4  | HP: 6/125 [poisoned by Mara]
 25798 | Snake:4  | HP: 1/125 [Mara (illusionary)/+4 demon trident of venom
                  | (5)]
 25799 | Snake:4  | Succumbed to Mara's poison
 25811 | Snake:4  | HP: 5/125 [poisoned by Mara]
 25815 | Snake:4  | HP: 2/125 [poisoned by Mara]
 25817 | Snake:4  | Slain by GigaChad's illusion (illusionary) (6 damage)
                  | ... woven by Mara
 25828 | Snake:4  | HP: 6/125 [Mara (illusionary)/bolt of fire (12)]
 25828 | Snake:4  | Slain by GigaChad's illusion (illusionary) (7 damage)
                  | ... woven by Mara
 25834 | Snake:4  | Noticed GigaChad's illusion
 25845 | Snake:4  | HP: 4/125 [Mara/+4 demon trident of venom (7)]
 25846 | Snake:4  | Succumbed to Mara's poison
 25865 | Snake:4  | HP: 4/125 [Mara (illusionary)/+4 demon trident of venom
                  | (7)]
 25866 | Snake:4  | Succumbed to Mara's poison
 25891 | Snake:4  | HP: 3/125 [Mara (illusionary)/+4 demon trident of venom
                  | (7)]
 25892 | Snake:4  | Succumbed to Mara's poison
 25902 | Snake:4  | HP: 2/125 [GigaChad's illusion (illusionary)[Mara] (5)]
 25902 | Snake:4  | Mangled by Mara
                  | ... wielding a +4 demon trident of venom
                  | (11 damage)
 25909 | Snake:4  | HP: 4/125 [Mara/bolt of fire (15)]
 25910 | Snake:4  | Succumbed to Mara's poison
 25912 | Snake:4  | Noticed GigaChad's illusion
 25920 | Snake:4  | HP: 5/125 [Mara (illusionary)/+4 demon trident of venom
                  | (24)]
 25921 | Snake:4  | Succumbed to Mara's poison
 25925 | Snake:4  | Succumbed to Mara's poison
 25938 | Snake:4  | Mangled by Mara
                  | ... wielding a +4 demon trident of venom
                  | (21 damage)
 25949 | Snake:4  | HP: 2/125 [Mara (illusionary)/+4 demon trident of venom
                  | (15)]
 25950 | Snake:4  | Succumbed to Mara's poison
 25968 | Snake:4  | HP: 1/125 [Mara/+4 demon trident of venom (15)]
 25969 | Snake:4  | Noticed GigaChad's illusion
 25969 | Snake:4  | Succumbed to Mara's poison
 25976 | Snake:4  | Killed Mara
 26438 | Snake:4  | HP: 4/122 [naga/+0 long sword (4)]
 26439 | Snake:4  | Succumbed to naga's concentrated venom
 26446 | Snake:4  | Reached skill level 15 in Axes
 26710 | Snake:4  | HP: 2/123 [shock serpent (12)]
 26710 | Snake:4  | Mangled by a shock serpent (12 damage)
 26720 | Snake:4  | HP: 5/125 [naga warrior/+0 mace (6)]
 26720 | Snake:4  | Demolished by a naga
                  | ... wielding a +0 mace
                  | (24 damage)
 27269 | Snake:4  | Shot with a bolt by a naga sharpshooter (16 damage)
 27561 | Snake:4  | HP: 6/125 [poisoned by a naga sharpshooter (splash of
                  | poison)]
 27566 | Snake:4  | HP: 3/125 [poisoned by a naga sharpshooter (splash of
                  | poison)]
 27886 | Snake:4  | Noticed a nagaraja
 27895 | Snake:4  | Noticed a nagaraja
 27899 | Snake:4  | Slain by a guardian serpent (10 damage)
 27906 | Snake:4  | HP: 3/125 [salamander/+0 glaive (8)]
 27906 | Snake:4  | HP: 1/125 [salamander/+0 glaive (2)]
 27907 | Snake:4  | Succumbed to a nagaraja's splash of poison
 27911 | Snake:4  | Killed a nagaraja
 27911 | Snake:4  | HP: 6/125 [salamander/arrow (11)]
 27911 | Snake:4  | Mangled by a salamander
                  | ... wielding a +0 halberd
                  | (12 damage)
 27912 | Snake:4  | Reached skill level 10 in Stealth
 27912 | Snake:4  | Killed a nagaraja
 27918 | Snake:4  | HP: 2/126 [poisoned by a naga ritualist (toxic radiance)]
 27919 | Snake:4  | Engulfed by a cloud of flame (3 damage)
 27925 | Snake:4  | HP: 6/126 [poisoned by a naga (splash of poison)]
 27925 | Snake:4  | Slain by a salamander tyrant (9 damage)
 27933 | Snake:4  | HP: 6/126 [cloud of flame (4)]
 27933 | Snake:4  | Killed from afar by a naga warrior (24 damage)
                  | ... with a splash of poison
 27951 | Snake:4  | HP: 4/126 [poisoned by a naga warrior (splash of poison)]
 27951 | Snake:4  | Killed from afar by a salamander tyrant (9 damage)
                  | ... with a flame surge
 27968 | Snake:4  | HP: 4/126 [salamander tyrant/flame surge (4)]
 27969 | Snake:4  | Slain by a salamander tyrant (4 damage)
 28034 | Snake:4  | Got a serpentine rune of Zot
 28794 | Lair:3   | Acquired the +5 broad axe "Upaesor" {flame, Int+6}
 28968 | Lair:3   | HP: 5/127 [yak (17)]
 29739 | Lair:4   | Reached XP level 17. HP: 90/133 MP: 27/27
 30030 | Lair:4   | Reached skill level 16 in Axes
 30474 | Lair:5   | Entered Level 5 of the Lair of Beasts
 30571 | Lair:5   | Found a staircase to the Slime Pits.
 31127 | Lair:5   | Found a burning altar of Makhleb.
 31153 | Lair:5   | Found a gateway to Hell.
 31163 | Lair:5   | HP: 6/133 [barbs]
 31164 | Lair:5   | Succumbed to barbed spike wounds
 31307 | Lair:5   | Identified the +0 buckler of Ciepleim {Regen+ Str+3}
 32006 | Orc:1    | Entered Level 1 of the Orcish Mines
 32027 | Orc:1    | Found Tokaep's Weapon Shoppe.
 32114 | Orc:1    | Found Luen's Jewellery Shop.
 32125 | Orc:1    | Bought the amulet of Vitality {Regen++ RegenMP++} for 1600
                  | gold pieces
 32125 | Orc:1    | Found the amulet of Vitality {Regen++ RegenMP++}
 32187 | Orc:1    | Found Comneor's Jewellery Boutique.
 32229 | Orc:1    | Bought the ring "Nanomn" {Fly Slay+3 SInv} for 536 gold
                  | pieces
 32307 | Orc:1    | Found a transporter.
 32397 | Orc:1    | Noticed jasper's ghost (journeyman HuFi)
 32412 | Orc:1    | Found a transporter.
 32557 | Orc:1    | Found Vedgh's Distillery.
 32565 | Orc:1    | Bought a potion of experience for 850 gold pieces
 32565 | Orc:1    | Reached XP level 18. HP: 140/140 MP: 29/29
 32594 | Orc:1    | Found Zitaheid's Weapon Shop.
 32673 | Orc:2    | Entered Level 2 of the Orcish Mines
 32738 | Orc:2    | Found a staircase to the Elven Halls.
 32937 | Orc:2    | Found Tealuini's Book Shoppe.
 32937 | Orc:2    | Found Osykh's Weapon Boutique.
 32945 | Orc:2    | Found Wudeixez's Jewellery Shop.
 32955 | Orc:2    | Found Ganapuim's General Store.
 33435 | Orc:2    | Found a roughly hewn altar of Beogh.
 33570 | D:13     | Found a gate to the Vaults.
 33824 | D:13     | Found a portal to a secret trove of treasure.
 34183 | D:14     | Reached skill level 10 in Dodging
 34251 | D:14     | Reached skill level 17 in Axes
 34331 | D:14     | Noticed Roxanne
 35115 | D:15     | Entered Level 15 of the Dungeon
 35267 | D:15     | Found a staircase to the Depths.
 35529 | D:15     | Identified the +2 robe "Guju" {Will- rCorr Int+4}
 35810 | D:15     | Identified the +0 chain mail of Light {MP+9 Dex+2}
 36153 | Vaults:1 | Entered Level 1 of the Vaults
 36159 | Vaults:1 | Reached XP level 19. HP: 129/143 MP: 31/31
 36281 | Vaults:1 | Identified the +0 ring mail "Mext" {Str+5}
 36470 | Vaults:1 | HP: 5/148 [fire giant/bolt of fire (14)]
 36470 | Vaults:1 | Shot with a bolt by a yaktaur (18 damage)
                  | ... led by a yaktaur captain
 36724 | Vaults:1 | Found Opaesuer's Armour Shop.
 36732 | Vaults:1 | Bought a +2 helmet for 181 gold pieces
 36732 | Vaults:1 | Bought a +4 plate armour of fire resistance for 550 gold
                  | pieces
 36766 | Vaults:1 | Bought the +3 war axe "Rynnag" {speed, Will+ Stlth+} for
                  | 613 gold pieces
 37553 | Vaults:1 | Reached skill level 18 in Axes
 37877 | Vaults:2 | Noticed Mennas
 37913 | Vaults:2 | HP: 4/150 [Mennas/+2 sacred scourge of holy wrath (9)]
 37915 | Vaults:2 | Slain by Mennas
                  | ... wielding a +2 sacred scourge of holy wrath
                  | (11 damage)
 37916 | Vaults:2 | Killed Mennas
 38272 | Vaults:2 | Reached XP level 20. HP: 79/158 MP: 32/32
 38344 | Vaults:2 | Noticed Sojobo
 38365 | Vaults:2 | HP: 6/158 [Sojobo/+2 triple sword of electrocution (2)]
 38369 | Vaults:2 | Slain by Sojobo
                  | ... wielding a +2 triple sword of
                  | electrocution
                  | (18 damage)
 38371 | Vaults:2 | Paralysed by an air elemental for 1 turns
 38375 | Vaults:2 | Paralysed by an air elemental for 1 turns
 38381 | Vaults:2 | Paralysed by an air elemental for 1 turns
 38383 | Vaults:2 | Killed Sojobo
 39439 | Vaults:2 | Found Sidonn's Antique Weapon Emporium.
 39524 | Vaults:2 | Reached skill level 1 in Shapeshifting
 39742 | Vaults:3 | Killed from afar by an ironbound thunderhulk (45 damage)
                  | ... with a bolt of lightning
 39752 | Vaults:3 | HP: 3/159 [vault guard/+0 great sword[a vault warden] (10)]
 39753 | Vaults:3 | Annihilated by a vault warden
                  | ... wielding a +2 long sword of venom
                  | (28 damage)
 39776 | Vaults:3 | Killed from afar by an ironbound thunderhulk (45 damage)
                  | ... with a bolt of lightning
 39789 | Vaults:3 | HP: 4/159 [dire elephant (32)]
 39798 | Vaults:3 | HP: 6/159 [ironbound thunderhulk/+0 dire flail (9)]
 40297 | Vaults:3 | HP: 1/160 [ironbound frostheart/creeping frost (25)]
 40304 | Vaults:3 | Mangled by an ironbound preserver
                  | ... wielding a +0 dire flail
                  | (22 damage)
 40582 | Vaults:3 | Found Sakyx's Assorted Antiques.
 40753 | Vaults:3 | Reached XP level 21. HP: 91/166 MP: 34/34
 40805 | Vaults:3 | Got the Handbook of Apparitions
 41093 | Vaults:3 | Found a staircase to the Crypt.
 41240 | Vaults:4 | Identified the +3 robe of the Miller {-Tele Harm Str+3
                  | Int+2}
 41240 | Vaults:4 | Noticed Boris
 41251 | Vaults:4 | HP: 6/165 [crystal guardian[a peacekeeper] (13)]
 41252 | Vaults:4 | Engulfed by Boris's excruciating misery (28 damage)
 41259 | Vaults:4 | HP: 7/165 [Boris] (24)]
 41259 | Vaults:4 | Slain by Boris (9 damage)
 41260 | Vaults:4 | Killed Boris
 41431 | Vaults:4 | Slain by an azure jelly (28 damage)
 41510 | Vaults:4 | Paralysed by an air elemental for 1 turns
 41557 | Vaults:4 | Paralysed by an air elemental for 1 turns
 41562 | Vaults:4 | Paralysed by an air elemental for 1 turns
 41577 | Vaults:4 | Paralysed by an air elemental for 1 turns
 41582 | Vaults:4 | Paralysed by an air elemental for 1 turns
 41790 | Vaults:4 | HP: 5/167 [vault warden/+0 long sword (9)]
 41792 | Vaults:4 | Slain by a vault warden
                  | ... wielding a +0 long sword
                  | (13 damage)
 42190 | D:13     | You paid a toll of 14 scrolls of teleportation to enter a
                  | treasure trove
 42191 | Trove    | Entered a treasure trove
 42269 | Trove    | Reached skill level 15 in Fighting
 42269 | Trove    | Reached skill level 19 in Axes
 42269 | Trove    | Reached skill level 15 in Armour
 42269 | Trove    | Reached XP level 22. HP: 175/175 MP: 35/35
 42736 | Abyss:2  | Cast into level 2 of the Abyss (an occultist)
 42746 | Vaults:4 | Escaped the Abyss
 42931 | Vaults:4 | Reached skill level 15 in Shields
 43487 | Vaults:4 | Noticed a caustic shrike
 43509 | Vaults:4 | Slain by a caustic shrike (12 damage)
 43519 | Vaults:4 | Killed a caustic shrike
 43533 | Vaults:4 | Killed from afar by an iron dragon (66 damage)
                  | ... with a spray of metal splinters
 43556 | Vaults:4 | HP: 5/175 [iron dragon/spray of metal splinters (21)]
 43558 | Vaults:4 | HP: 1/175 [iron dragon (6)]
 43558 | Vaults:4 | Mangled by an iron dragon (13 damage)
 43589 | Vaults:4 | Got Leda's Codex of the Gargoyle
 43711 | Vaults:4 | Got Ycehezick's Lessons on the Prime Material
 43725 | Vaults:4 | Gained mutation: You are frail. (-10% HP) [mutagenic glow]
 43736 | Vaults:4 | Gained mutation: You occasionally lose the ability to drink
                  | potions when taking damage. [mutagenic glow]
 43913 | Vaults:5 | Entered Level 5 of the Vaults
 43930 | Vaults:5 | Identified the +4 robe of the Morning {rCorr}
 43930 | Vaults:5 | Noticed Boris
 43940 | Vaults:5 | Noticed a dread lich
 43943 | Vaults:5 | Killed Boris
 43948 | Vaults:5 | Paralysed by a dread lich for 4 turns
 43949 | Vaults:5 | Slain by an ironbound preserver
                  | ... wielding a +0 dire flail of protection
                  | (17 damage)
                  | ... while paralysed by a dread lich
 43962 | Vaults:5 | Killed a dread lich
 43963 | Vaults:5 | Reached skill level 10 in Spellcasting
 43963 | Vaults:5 | Reached skill level 10 in Evocations
 44001 | Vaults:5 | Reached XP level 23. HP: 55/163 MP: 37/37
 44059 | Vaults:5 | HP: 5/164 [hell knight/bolt of fire (13)]
 44062 | Vaults:5 | Slain by a hell knight
                  | ... wielding a +3 halberd
                  | (13 damage)
 44213 | Vaults:5 | Identified the +3 great sword of Prudence {heavy, SInv}
 44250 | Vaults:5 | Got the Teachings on the Snowflakes and Malevolent Words
 44338 | Vaults:5 | Noticed a golden dragon
 44341 | Vaults:5 | Noticed a dread lich
 44346 | Vaults:5 | Killed a golden dragon
 44353 | Vaults:5 | Paralysed by a dread lich for 4 turns
 44362 | Vaults:5 | HP: 3/156 [tengu reaver/bolt of fire (18)]
 44363 | Vaults:5 | Killed from afar by a tengu reaver (32 damage)
                  | ... with a bolt of lightning
 44365 | Vaults:5 | Killed a dread lich
 44391 | Vaults:5 | Killed from afar by a titan (52 damage)
                  | ... with a bolt of lightning
 44406 | Vaults:5 | Noticed an ancient lich
 44427 | Vaults:5 | Mangled by a war gargoyle
                  | ... wielding a +1 lajatang of distortion
                  | (26 damage)
 44440 | Vaults:5 | Killed from afar by an ancient lich (30 damage)
                  | ... with a crystal spear
 44441 | Vaults:5 | Killed an ancient lich
 44515 | Vaults:5 | Identified the staff "Ihymilyi" {^Drain ^Fragile rPois rC+
                  | rCorr Summ Ice}
 44539 | Vaults:5 | Identified the +8 halberd of Weak Innocence {elec, MP+9}
 44563 | Vaults:5 | Identified the +2 ring mail of Tomorrow {rPois rN++ Int-2
                  | Stlth+}
 44563 | Vaults:5 | Identified the ring of Datafah {rElec rC+ rCorr}
 44700 | Vaults:5 | Got the Monograph on Lithomancy and Gloom
 44706 | Vaults:5 | Got the Monograph on Hermetica and Forces
 44768 | Vaults:5 | Reached skill level 5 in Shapeshifting
 44842 | Vaults:5 | Noticed a golden dragon
 44857 | Vaults:5 | Killed a golden dragon
 45202 | Vaults:5 | Reached XP level 24. HP: 172/172 MP: 37/37
 45222 | Vaults:5 | Got the Book of the Missiles
 45259 | Vaults:5 | Noticed a dread lich
 45273 | Vaults:5 | Killed a dread lich
 45692 | Vaults:5 | Got a silver rune of Zot
 46151 | Crypt:1  | Entered Level 1 of the Crypt
 46193 | Crypt:1  | HP: 1/157 [ghostly deep elf death mage/vampiric draining
                  | (12)]
 46195 | Crypt:1  | Mangled by a jiangshi (13 damage)
                  | ... led by a vampire mage
 46218 | Crypt:1  | Found an ancient bone altar of Kikubaaqudgha.
 46338 | Crypt:1  | Reached skill level 20 in Axes
 46348 | Crypt:1  | Reached XP level 25. HP: 124/165 MP: 37/37
 46551 | Crypt:1  | Bought a spiked plate armour for 1400 gold pieces
 46551 | Crypt:1  | Identified the +8 plate armour "Guirocun" {Harm rCorr Int+4
                  | Stlth-} (You bought it in a shop on level 1 of the Crypt)
 46817 | Crypt:2  | Got Iqoimm's Atlas of the Mountains
 47185 | Crypt:2  | Paralysed by a vampire knight for 4 turns
 47871 | Crypt:3  | Entered Level 3 of the Crypt
 48259 | Crypt:3  | Found the +13 sword of the Doom Knight {doom -Cast ^Drain
                  | Will+}
 48273 | Crypt:3  | Identified the +0 short sword of the Enormous God
                  | {antimagic, rPois}
 48783 | Crypt:3  | Found an ancient bone altar of Kikubaaqudgha.
 48785 | Crypt:3  | Noticed a dread lich
 48806 | Crypt:3  | Killed a dread lich
 48813 | Crypt:3  | Identified the +3 robe "Maenicim" {rC++ Stlth+}
 48813 | Crypt:3  | Noticed Boris
 48824 | Crypt:3  | Noticed a dread lich
 48825 | Crypt:3  | Killed Boris
 48837 | Crypt:3  | Killed a dread lich
 48911 | Crypt:3  | Identified the +3 arbalest of Linearity {heavy, Int+3}
 49374 | Crypt:3  | Got the Tractate on the Undead
 49506 | Crypt:3  | Found a staircase to the Tomb.
 49683 | Crypt:3  | Found the +3 pair of mountain boots {steadfast, rC+}
 50082 | Depths:1 | Entered Level 1 of the Depths
 50280 | Depths:1 | Found a one-way gate leading to the halls of Pandemonium.
 50300 | Abyss:3  | Cast into level 3 of the Abyss (hell knight)
 50325 | Abyss:3  | Found a corrupted altar of Lugonu.
 50350 | Abyss:3  | Gained mutation: You have a somewhat thin skeletal
                  | structure. (Dex +2, Stealth+) [a neqoxec]
 50352 | Abyss:3  | Gained mutation: You occasionally lose the ability to read
                  | scrolls when taking damage. [a neqoxec]
 50468 | Abyss:3  | Found a corrupted altar of Lugonu.
 50495 | Abyss:3  | HP: 6/180 [bone dragon (7)]
 50496 | Abyss:3  | Killed by divine providence
                  | ... invoked by a daeva
                  | (14 damage)
 50534 | Abyss:3  | Found a corrupted altar of Lugonu.
 50571 | Abyss:3  | Paralysed by an apocalypse crab for 1 turns
 50638 | Abyss:3  | Gained mutation: You are clumsy. (Dex -2) [a neqoxec]
 50645 | Abyss:3  | Found a corrupted altar of Lugonu.
 50655 | Abyss:3  | Found a corrupted altar of Lugonu.
 50655 | Abyss:3  | Found a corrupted altar of Lugonu.
 50665 | Abyss:3  | HP: 7/181 [thrashing horror (11)]
 50675 | Abyss:3  | Slain by a thrashing horror (8 damage)
 50740 | Abyss:3  | Gained mutation: Armour fits poorly on your strangely
                  | shaped body. [a neqoxec]
 51027 | Depths:1 | Escaped the Abyss
 51042 | Depths:1 | Reached XP level 26. HP: 28/188 MP: 37/38
 51402 | Depths:1 | Identified the +6 dagger of the Ghost {drain, rC+}
 51653 | Depths:1 | Found Pyekkoubb's Book Shop.
 51654 | Depths:1 | Found Huonn's Jewellery Emporium.
 51654 | Depths:1 | Found Ruymnuhi's Jewellery Emporium.
 52267 | Depths:2 | Noticed Vv
 52310 | Depths:2 | Killed Vv
 52704 | Depths:2 | Identified the ring of Sif Muna's Delight {Fly Dex+2}
 52711 | Depths:2 | Found a hide-covered altar of Uskayaw.
 52788 | Depths:2 | Found a transporter.
 52812 | Depths:2 | Reached skill level 21 in Axes
 52853 | Depths:2 | Identified the ring "Pozameto" {rElec Dex+6 Slay+6}
 52901 | Depths:2 | Found a one-way gateway to a ziggurat.
 52901 | Depths:2 | Found a transporter.
 53007 | Depths:2 | Identified the +1 orcbow of Karma {heavy, +Blink rPois
                  | MP-9}
 53017 | Depths:2 | Noticed Saint Roka
 53032 | Depths:2 | Killed Saint Roka
 53039 | Depths:2 | HP: 2/189 [orc knight/+0 battleaxe[Saint Roka] (25)]
 53040 | Depths:2 | Paralysed by a vampire knight for 5 turns
 53041 | Depths:2 | Demolished by an orc knight
                  | ... wielding a +0 battleaxe
                  | ... led by Saint Roka
                  | (18 damage)
                  | ... while paralysed by a vampire knight
 53071 | Depths:2 | Identified the ring of Joddeoj {rF+ rN+}
 53253 | Depths:3 | HP: 8/189 [hell knight/+3 glaive of flaming (25)]
 53605 | Depths:3 | Found a transporter.
 53634 | Depths:3 | Found the +7 hand cannon "Mule" {flame, backblast, rF+}
 53721 | Depths:3 | Noticed Parghit
 53722 | Depths:3 | Found a transporter.
 53751 | Depths:3 | HP: 8/189 [Parghit (6)]
 53752 | Depths:3 | HP: 3/189 [Parghit (7)]
 53754 | Depths:3 | Slain by Parghit (11 damage)
 53780 | Depths:3 | HP: 6/189 [Parghit (16)]
 53780 | Depths:3 | Demolished by Parghit (25 damage)
 53814 | Depths:3 | HP: 9/189 [Parghit (19)]
 53816 | Depths:3 | Slain by Parghit (13 damage)
 53837 | Depths:3 | Mangled by Parghit (24 damage)
 53841 | Depths:3 | Found Wucruif's Antique Weapon Boutique.
 53874 | Depths:3 | HP: 7/189 [Parghit (23)]
 53878 | Depths:3 | Mangled by Parghit (11 damage)
 53917 | Depths:3 | Slain by Parghit (21 damage)
 53935 | Depths:3 | Mangled by Parghit (20 damage)
 53994 | Depths:3 | HP: 4/189 [living spell/divine providence[a walking divine
                  | tome] (13)]
 53995 | Depths:3 | Mangled by a titan (18 damage)
 54006 | Depths:3 | HP: 2/189 [living spell/divine providence[a walking divine
                  | tome] (9)]
 54006 | Depths:3 | Mangled by a golden dragon (11 damage)
 54012 | Depths:3 | Reached skill level 15 in Stealth
 54120 | Depths:3 | Identified the +3 cloak of the Saviour {Rampage rF- Stlth+}
 54218 | Depths:3 | Found a one-way gate to the infinite horrors of the Abyss.
 54244 | Depths:3 | Mangled by Parghit (27 damage)
 54301 | Depths:3 | HP: 3/190 [Parghit (21)]
 54307 | Depths:3 | Mangled by Parghit (21 damage)
 54346 | Depths:3 | HP: 3/190 [Parghit (23)]
 54348 | Depths:3 | Mangled by Parghit (18 damage)
 54383 | Depths:3 | Slain by Parghit (24 damage)
 54401 | Depths:3 | Hit by a large rock thrown by Parghit (44 damage)
 54451 | Depths:3 | HP: 2/190 [Parghit (11)]
 54457 | Depths:3 | Mangled by Parghit (20 damage)
 54516 | Depths:4 | Entered Level 4 of the Depths
 54807 | Depths:4 | Reached XP level 27. HP: 155/197 MP: 38/38
 54966 | Depths:4 | Found a corrupted altar of Lugonu.
 55245 | Depths:4 | Killed from afar by a black draconian knight (33 damage)
                  | ... with a bolt of lightning
 55272 | Depths:4 | Found a gate to the Realm of Zot.
 55330 | Depths:4 | Found a flickering gateway to a bazaar.
 55480 | Depths:4 | Found a white marble altar of Elyvilon.
 56249 | Zig:1    | Entered Level 1 of a ziggurat
 56299 | Zig:2    | Entered Level 2 of a ziggurat
 56327 | Zig:3    | Entered Level 3 of a ziggurat
 56364 | Zig:4    | Entered Level 4 of a ziggurat
 56381 | Zig:4    | Identified the orb of Ureacvogg {*Rage, rElec rCorr Stlth-
                  | Summ}
 56417 | Zig:5    | Entered Level 5 of a ziggurat
 56431 | Zig:5    | Gained mutation: Your spells are a little easier to cast,
                  | but a little less powerful. [a shining eye]
 56511 | Zig:5    | Identified the +1 quarterstaff of Infinity {flame, Dex+7}
 56517 | Zig:6    | Entered Level 6 of a ziggurat
 56593 | Zig:7    | Entered Level 7 of a ziggurat
 56635 | Zig:7    | Got Sif Muna's Papyrus of Subspace and Combustion
 56711 | Zig:8    | Entered Level 8 of a ziggurat
 56721 | Zig:8    | HP: 4/198 [shard shrike/shard of ice (24)]
 56721 | Zig:8    | Paralysed by a wendigo for 1 turns
 56722 | Zig:8    | Slain by a shard shrike (8 damage)
                  | ... while paralysed by a wendigo
 56732 | Zig:8    | HP: 4/198 [nargun (7)]
 56732 | Zig:8    | HP: 1/198 [Ice Fiend (3)]
 56732 | Zig:8    | Slain by an Ice Fiend (6 damage)
                  | ... while petrified by a nargun
 56745 | Zig:8    | HP: 8/198 [??? (6)]
 56745 | Zig:8    | Killed from afar by a shard shrike (15 damage)
                  | ... with a shard of ice
 56804 | Zig:9    | Entered Level 9 of a ziggurat
 56808 | Zig:9    | Noticed Etubromn the pandemonium lord
 56818 | Zig:9    | HP: 6/191 [Tzitzimitl (16)]
 56819 | Zig:9    | Demolished by Etubromn the pandemonium lord (24 damage)
 56823 | Zig:9    | Succumbed to a demonspawn warmonger's poison
 56829 | Zig:9    | HP: 7/172 [??? (5)]
 56830 | Zig:9    | Mangled by a lorocyproca (16 damage)
 56841 | Zig:9    | HP: 6/174 [demonspawn warmonger/+0 demon trident of venom
                  | (10)]
 56843 | Zig:9    | Mangled by Etubromn the pandemonium lord (14 damage)
 56851 | Zig:9    | Killed Etubromn the pandemonium lord
 56940 | Zig:10   | Entered Level 10 of a ziggurat
 56948 | Zig:10   | Noticed a dread lich
 56977 | Zig:10   | Killed a dread lich
 57022 | Zig:11   | Entered Level 11 of a ziggurat
 57047 | Zig:11   | HP: 3/198 [constriction (9)]
 57047 | Zig:11   | Killed from afar by a nagaraja (13 damage)
                  | ... with a bolt of poison
 57054 | Zig:11   | Succumbed to a naga sharpshooter's splash of poison
 57058 | Zig:11   | Identified the amulet of Eraqan {Reflect rElec rC+ Int+3
                  | SH+5}
 57061 | Zig:11   | Succumbed to a nagaraja's poison arrow
 57073 | Zig:11   | HP: 7/198 [nagaraja/bolt of poison (3)]
 57074 | Zig:11   | Succumbed to a nagaraja's bolt of poison
 57140 | Zig:12   | Entered Level 12 of a ziggurat
 57156 | Zig:12   | Paralysed by a wendigo for 1 turns
 57158 | Zig:12   | HP: 9/198 [wendigo (6)]
 57158 | Zig:12   | HP: 4/198 [wendigo (5)]
 57159 | Zig:12   | Slain by a wendigo (7 damage)
                  | ... while petrified by a nargun
 57164 | Zig:12   | HP: 8/198 [wendigo (3)]
 57164 | Zig:12   | Killed from afar by an Ice Fiend (9 damage)
                  | ... with a bolt of cold
                  | ... while petrified by a nargun
 57171 | Zig:12   | HP: 7/198 [nargun (8)]
 57171 | Zig:12   | Slain by a nargun (9 damage)
                  | ... while petrified by a nargun
 57177 | Zig:12   | Mangled by a nargun (21 damage)
 57179 | Zig:12   | Slain by a nargun (10 damage)
                  | ... while petrified by a nargun
 57191 | Zig:12   | Paralysed by a wendigo for 1 turns
 57194 | Zig:12   | HP: 9/198 [nargun (5)]
 57195 | Zig:12   | Slain by an Ice Fiend (8 damage)
                  | ... while petrified by a nargun
 57209 | Zig:12   | HP: 9/198 [Ice Fiend (4)]
 57209 | Zig:12   | HP: 1/198 [nargun (8)]
 57209 | Zig:12   | Slain by a nargun (1 damage)
                  | ... while petrified by a nargun
 57256 | Zig:12   | Identified the ring of Ubru {Will+ AC+4 Int+3}
 57265 | Zig:12   | Identified the +1 long sword of Amorality {flame, rCorr
                  | Str-5 Int+4}
 57301 | Zig:13   | Entered Level 13 of a ziggurat
 57312 | Zig:13   | HP: 9/199 [??? (7)]
 57317 | Zig:13   | HP: 7/199 [??? (5)]
 57322 | Zig:13   | Killed from afar by a revenant (31 damage)
                  | ... with a ghostly fireball
 57332 | Zig:13   | HP: 4/183 [jiangshi (10)]
 57335 | Zig:13   | Slain by an ancient champion
                  | ... wielding a +0 heavy battleaxe
                  | (11 damage)
 57345 | Zig:13   | Slain by a juggernaut zombie (17 damage)
                  | ... summoned by a curse skull
 57410 | Zig:13   | Identified the +0 cloak "Earthly Heaven" {rF+ Regen+ Int-4}
 57427 | Zig:13   | Identified the +4 demon whip of Nuykuyp {heavy, rElec rN+}
 57445 | Zig:14   | Entered Level 14 of a ziggurat
 57462 | Zig:14   | Noticed Seade the pandemonium lord
 57470 | Zig:14   | HP: 2/175 [Ice Fiend (14)]
 57476 | Zig:14   | Killed from afar by a Tzitzimitl (43 damage)
                  | ... with a bolt of negative energy
 57480 | Zig:14   | Slain by a demonspawn blood saint
                  | ... wielding a +0 dagger
                  | (12 damage)
 57483 | Zig:14   | Mangled by a Brimstone Fiend (40 damage)
 57483 | Zig:14   | HP: 6/140 [??? (10)]
 57485 | Zig:14   | Mangled by a Tzitzimitl (13 damage)
 57487 | Zig:14   | Annihilated by a demonspawn warmonger
                  | ... wielding a +2 demon trident of
                  | electrocution
                  | (43 damage)
 57488 | Zig:14   | Annihilated by Seade the pandemonium lord (57 damage)
 57489 | Zig:14   | HP: 4/127 [demonspawn warmonger/+2 demon trident of
                  | electrocution (7)]
 57490 | Zig:14   | Demolished by a sixfirhy (16 damage)
                  | ... summoned by a shadow demon
 57490 | Zig:14   | Slain by a demonspawn warmonger
                  | ... wielding a +2 demon trident of
                  | electrocution
                  | (6 damage)
 57491 | Zig:14   | Killed from afar by a demonspawn black sun (70 damage)
                  | ... with a bolt of negative energy
 57492 | Zig:14   | Annihilated by a demonspawn warmonger
                  | ... wielding a +2 demon trident of
                  | electrocution
                  | (67 damage)
 57492 | Zig:14   | Annihilated by Seade the pandemonium lord (72 damage)
 57492 | Zig:14   | Slain by a demonspawn blood saint
                  | ... wielding a +0 dagger
                  | (10 damage)
 57493 | Zig:14   | Annihilated by a demonspawn warmonger
                  | ... wielding a +2 demon trident of
                  | electrocution
                  | (73 damage)
 57493 | Zig:14   | Killed Seade the pandemonium lord
 57493 | Zig:14   | Annihilated by a demonspawn warmonger
                  | ... wielding a +2 demon trident of
                  | electrocution
                  | (24 damage)
 57494 | Zig:14   | HP: 4/91 [Brimstone Fiend (40)]
 57494 | Zig:14   | Slain by a smoke demon (4 damage)
                  | ... summoned by a shadow demon
 57495 | Zig:14   | Annihilated by a demonspawn warmonger
                  | ... wielding a +2 demon trident of
                  | electrocution
                  | (36 damage)
 57496 | Zig:14   | Demolished by a demonspawn warmonger
                  | ... wielding a +0 battleaxe of venom
                  | (55 damage)
 57496 | Zig:14   | Annihilated by a demonspawn warmonger
                  | ... wielding a +2 demon trident of
                  | electrocution
                  | (73 damage)
 57496 | Zig:14   | Annihilated by a green death (42 damage)
 57496 | Zig:14   | Mangled by a Tzitzimitl (19 damage)
 57497 | Zig:14   | Demolished by a demonspawn warmonger
                  | ... wielding a +0 battleaxe of venom
                  | (22 damage)
 57498 | Zig:14   | Succumbed to a demonspawn warmonger's poison
 57499 | Zig:14   | Succumbed to a demonspawn warmonger's poison
 57499 | Zig:14   | HP: 3/61 [hellwing (4)]
 57499 | Zig:14   | Slain by a Brimstone Fiend (6 damage)
 57500 | Zig:14   | Succumbed to a demonspawn warmonger's poison
 57500 | Zig:14   | Demolished by a demonspawn warmonger
                  | ... wielding a +0 battleaxe of venom
                  | (25 damage)
 57500 | Zig:14   | Annihilated by a demonspawn warmonger
                  | ... wielding a +2 demon trident of
                  | electrocution
                  | (46 damage)
 57500 | Zig:14   | Slain by a demonspawn warmonger
                  | ... wielding a +0 battleaxe of venom
                  | (22 damage)
 57501 | Zig:14   | Annihilated by a lorocyproca (27 damage)
 57502 | Zig:14   | Incinerated by a balrug (6 damage)
                  | ... with a pyre arrow
 57503 | Zig:14   | Killed from afar by a Tzitzimitl (51 damage)
                  | ... with a bolt of negative energy
 57503 | Zig:14   | Slain by a Tzitzimitl (18 damage)
 57504 | Zig:14   | Incinerated by a balrug (6 damage)
                  | ... with a pyre arrow
 57504 | Zig:14   | Demolished by a demonspawn warmonger
                  | ... wielding a +2 demon trident of
                  | electrocution
                  | (31 damage)
 57504 | Zig:14   | HP: 1/28 [Brimstone Fiend (6)]
 57504 | Zig:14   | Slain by a cacodemon (6 damage)
                  | ... summoned by a shadow demon
 57505 | Zig:14   | Slain by a green death (9 damage)
 57505 | Zig:14   | Killed from afar by a Tzitzimitl (102 damage)
                  | ... with a bolt of negative energy
 57505 | Zig:14   | Mangled by a lorocyproca (12 damage)
 57506 | Zig:14   | Incinerated by a balrug (15 damage)
                  | ... with a pyre arrow
 57506 | Zig:14   | Demolished by a green death (22 damage)
 57506 | Zig:14   | Killed from afar by a balrug (16 damage)
                  | ... with a bolt of fire
 57506 | Zig:14   | Slain by a cacodemon (13 damage)
                  | ... summoned by a shadow demon
 57506 | Zig:14   | Slain by a demonspawn blood saint
                  | ... wielding a +0 dagger
                  | (9 damage)
 57506 | Zig:14   | Slain by a demonspawn blood saint
                  | ... wielding a +0 dagger
                  | (9 damage)
 57506 | Zig:14   | Slain by a Tzitzimitl (12 damage)
 57506 | Zig:14   | Demolished by a green death (24 damage)
 57507 | Zig:14   | Incinerated by a balrug (10 damage)
                  | ... with a pyre arrow
 57507 | Zig:14   | Slain by a Tzitzimitl (9 damage)
 57507 | Zig:14   | Annihilated by a demonspawn warmonger
                  | ... wielding a +2 demon trident of
                  | electrocution
                  | (30 damage)
 57508 | Zig:14   | Incinerated by a balrug (4 damage)
                  | ... with a pyre arrow
 57508 | Zig:14   | Annihilated by a demonspawn warmonger
                  | ... wielding a +2 demon trident of
                  | electrocution
                  | (28 damage)
 57509 | Zig:14   | Incinerated by a balrug (10 damage)
                  | ... with a pyre arrow
 57509 | Zig:14   | Annihilated by a demonspawn warmonger
                  | ... wielding a +2 demon trident of
                  | electrocution
                  | (24 damage)
 57509 | Zig:14   | Mangled by an Executioner (16 damage)
                  | ... summoned by a shadow demon
 57509 | Zig:14   | Killed from afar by a Tzitzimitl (34 damage)
                  | ... with a bolt of negative energy
 57509 | Zig:14   | Killed by divine providence
                  | ... invoked by a balrug
                  | (18 damage)
 57510 | Zig:14   | Mangled by a demonspawn warmonger
                  | ... wielding a +2 demon trident of
                  | electrocution
                  | (12 damage)
 57511 | Zig:14   | Killed from afar by a Tzitzimitl (69 damage)
                  | ... with a bolt of negative energy
 57511 | Zig:14   | Mangled by a Tzitzimitl (19 damage)
 57512 | Zig:14   | Incinerated by a balrug (9 damage)
                  | ... with a pyre arrow
 57513 | Zig:14   | Killed from afar by a cacodemon (34 damage)
                  | ... with a bolt of devastation
                  | ... summoned by a shadow demon
 57514 | Zig:14   | Gained mutation: Your health recovers twice as slowly from
                  | being drained. [a cacodemon]
 57516 | Zig:14   | Incinerated by a balrug (18 damage)
                  | ... with a pyre arrow
 57521 | Zig:14   | Incinerated by a balrug (13 damage)
                  | ... with a pyre arrow
 57521 | Zig:14   | Slain by a demonspawn warmonger
                  | ... wielding a +2 demon trident of
                  | electrocution
                  | (11 damage)
 57524 | Zig:14   | Incinerated by a balrug (7 damage)
                  | ... with a pyre arrow
 57525 | Zig:14   | Slain by a demonspawn warmonger
                  | ... wielding a +2 demon trident of
                  | electrocution
                  | (14 damage)
 57526 | Zig:14   | Slain by a demonspawn warmonger
                  | ... wielding a +2 demon trident of
                  | electrocution
                  | (16 damage)
 57527 | Zig:14   | Slain by a large abomination (21 damage)
                  | ... summoned by a shadow demon
 57528 | Zig:14   | Slain by a large abomination (18 damage)
                  | ... summoned by a shadow demon
 57529 | Zig:14   | Demolished by a demonspawn warmonger
                  | ... wielding a +2 demon trident of
                  | electrocution
                  | (19 damage)
 57827 | Zig:14   | Identified the +5 great mace of Agony {drain, Fly Will+
                  | Dex+5}
 57832 | Zig:14   | Identified the staff "Yptaen" {rN+ Will+ Necro Tloc}
 57837 | Zig:14   | Identified the +0 leather armour "Wunnoxehaj" {+Blink rN+}
 57839 | Zig:14   | Identified the amulet of Yesterday {Regen+ Str+3}
 57840 | Zig:14   | Identified the +1 ring mail "Xirucs" {Rampage rElec rC-
                  | rN+}
 58955 | Zig:15   | Entered Level 15 of a ziggurat
 58971 | Zig:15   | Killed by the air
                  | ... invoked by a spriggan air mage
                  | (4 damage)
 58972 | Zig:15   | Killed from afar by a shock serpent (25 damage)
                  | ... with a bolt of electricity
 58973 | Zig:15   | Killed from afar by an ironbound thunderhulk (55 damage)
                  | ... with a bolt of lightning
 58974 | Zig:15   | HP: 1/28 [ironbound thunderhulk/bolt of lightning (18)]
 58974 | Zig:15   | Killed from afar by a spriggan air mage (21 damage)
                  | ... with a bolt of lightning
 58975 | Zig:15   | Killed from afar by a shock serpent (10 damage)
                  | ... with a bolt of electricity
 58975 | Zig:15   | Killed from afar by an electric golem (32 damage)
                  | ... with a bolt of lightning
 58976 | Zig:15   | Mangled by a spark wasp (12 damage)
 58977 | Zig:15   | Killed by the air
                  | ... invoked by a wind drake
                  | (12 damage)
 58977 | Zig:15   | Slain by a spark wasp (17 damage)
 58977 | Zig:15   | Killed from afar by an electric golem (32 damage)
                  | ... with a bolt of lightning
 58978 | Zig:15   | Slain by a storm dragon (6 damage)
 58978 | Zig:15   | Killed from afar by an electric golem (36 damage)
                  | ... with a bolt of lightning
 58980 | Zig:15   | Mangled by an electric golem (19 damage)
 58983 | Zig:15   | Killed from afar by a storm dragon (17 damage)
                  | ... with a bolt of lightning
 58988 | Zig:15   | Paralysed by an air elemental for 1 turns
 58988 | Zig:15   | Slain by a storm dragon (10 damage)
                  | ... while paralysed by an air elemental
 58992 | Zig:15   | Killed from afar by an electric golem (24 damage)
                  | ... with a bolt of lightning
 58996 | Zig:15   | HP: 1/58 [storm dragon/bolt of lightning (9)]
 58997 | Zig:15   | Killed from afar by an ironbound thunderhulk (46 damage)
                  | ... with a bolt of lightning
 59003 | Zig:15   | Killed from afar by an ironbound thunderhulk (36 damage)
                  | ... with a bolt of lightning
 59012 | Zig:15   | Killed by the air
                  | ... invoked by a wind drake
                  | (18 damage)
 59025 | Zig:15   | HP: 2/67 [electric golem/bolt of lightning (40)]
 59026 | Zig:15   | Killed from afar by an electric golem (25 damage)
                  | ... with a bolt of lightning
 59039 | Zig:15   | Killed from afar by an electric golem (28 damage)
                  | ... with a bolt of lightning
 59047 | Zig:15   | Killed from afar by an electric golem (28 damage)
                  | ... with a bolt of lightning
 59048 | Zig:15   | Killed from afar by an electric golem (38 damage)
                  | ... with a bolt of lightning
 59062 | Zig:15   | Reached skill level 22 in Axes
 59110 | Zig:15   | Identified the +6 triple sword of Prudence {flame, rF+++
                  | Will++ Str+3 Dex-2}
 59116 | Zig:15   | Identified the +2 pair of gloves of the Rhinotaur {rElec
                  | Int+4 Dex-4 SInv}
 59122 | Zig:15   | Identified the staff of the Shifting Owl {rC+ rN+ Int+4
                  | Ice}
 59129 | Zig:15   | Identified the storm talisman of Pessimism {+Blink}
 59152 | Zig:16   | Entered Level 16 of a ziggurat
 59167 | Zig:16   | Found the +0 mask of the Dragon {Will+ Slay+3 SInv}
 59167 | Zig:16   | Found the +11 Singing Sword {sonic wave}
 59173 | Zig:16   | Splashed by a caustic shrike's acid (10 damage)
 59176 | Zig:16   | Demolished by a Hell Sentinel (21 damage)
 59177 | Zig:16   | Killed from afar by a Hell Sentinel (53 damage)
                  | ... with an iron shot
 59180 | Zig:16   | Killed from afar by a crystal echidna (18 damage)
                  | ... with a crystallizing shot
 59183 | Zig:16   | Annihilated by an iron golem (30 damage)
 59186 | Zig:16   | Slain by a quicksilver elemental (10 damage)
 59188 | Zig:16   | Annihilated by an iron golem (57 damage)
 59192 | Zig:16   | Annihilated by an iron golem (57 damage)
 59194 | Zig:16   | Demolished by a Hell Sentinel (43 damage)
 59196 | Zig:16   | HP: 4/85 [Hell Sentinel (45)]
 59197 | Zig:16   | Annihilated by a Hell Sentinel (34 damage)
 59200 | Zig:16   | Slain by a Hell Sentinel (15 damage)
 59201 | Zig:16   | Killed from afar by a Hell Sentinel (42 damage)
                  | ... with an iron shot
 59202 | Zig:16   | HP: 4/80 [Hell Sentinel (36)]
 59202 | Zig:16   | HP: 1/80 [Hell Sentinel (3)]
 59202 | Zig:16   | Annihilated by an iron golem (31 damage)
 59205 | Zig:16   | Mangled by an iron golem (24 damage)
 59208 | Zig:16   | Killed from afar by a Hell Sentinel (54 damage)
                  | ... with an iron shot
 59214 | Zig:16   | Slain by an iron golem (24 damage)
 59219 | Zig:16   | Demolished by an iron golem (24 damage)
 59225 | Zig:16   | HP: 1/96 [Hell Sentinel (14)]
 59226 | Zig:16   | Demolished by an iron golem (22 damage)
 59237 | Zig:16   | Slain by an iron golem (28 damage)
 59240 | Zig:16   | Annihilated by an iron golem (33 damage)
 59242 | Zig:16   | Slain by an iron golem (38 damage)
 59246 | Zig:16   | HP: 4/104 [iron golem (16)]
 59246 | Zig:16   | Annihilated by an iron golem (36 damage)
 59264 | Zig:16   | Demolished by an iron golem (28 damage)
 59295 | Zig:16   | Identified the ring of Ahecias {Str+4 Int+3 Dex-3 SInv}
 59348 | Zig:16   | Reached skill level 5 in Long Blades
 59351 | Zig:16   | Reached skill level 10 in Long Blades
 59371 | Zig:17   | Entered Level 17 of a ziggurat
 59431 | Zig:17   | Paralysed by an air elemental for 1 turns
 59433 | Zig:17   | Killed from afar by an ironbound thunderhulk (46 damage)
                  | ... with a bolt of lightning
 59435 | Zig:17   | Paralysed by an air elemental for 1 turns
 59440 | Zig:17   | Killed from afar by a titan (15 damage)
                  | ... with a bolt of lightning
 59447 | Zig:17   | Killed from afar by a storm dragon (28 damage)
                  | ... with a bolt of lightning
 59451 | Zig:17   | HP: 2/131 [storm dragon/bolt of lightning (38)]
 59452 | Zig:17   | Killed from afar by an electric golem (14 damage)
                  | ... with a bolt of lightning
 59455 | Zig:17   | Killed from afar by a storm dragon (24 damage)
                  | ... with a bolt of lightning
 59457 | Zig:17   | Killed by the air
                  | ... invoked by a titan
                  | (31 damage)
 59567 | Zig:17   | Identified the +2 helmet "Giraerph" {rC+ MP-9 Slay+5}
 59579 | Zig:17   | Identified the +0 great mace "Piuskis" {heavy, SInv}
 59590 | Zig:17   | Identified the +1 plate armour of the Assorted Curses
                  | {Rampage Regen+ Slay+3}
 59614 | Zig:18   | Entered Level 18 of a ziggurat
 59643 | Zig:18   | Slain by a frost giant
                  | ... wielding a +5 battleaxe of freezing
                  | (16 damage)
 59652 | Zig:18   | HP: 2/158 [wendigo (12)]
 59652 | Zig:18   | Mangled by a wendigo (13 damage)
 59815 | Zig:18   | Identified the +7 lajatang of the Evening {heavy, Int+2
                  | Stlth+}
 59849 | Zig:19   | Entered Level 19 of a ziggurat
 59876 | Zig:19   | Reached skill level 15 in Dodging
 59877 | Zig:19   | Gained mutation: Potions are less effective at restoring
                  | your health. [a cacodemon]
 59880 | Zig:19   | HP: 8/172 [smoke demon/divine providence (11)]
 59880 | Zig:19   | Killed by divine providence
                  | ... invoked by a smoke demon
                  | (9 damage)
 59902 | Zig:19   | Paralysed by accursed screaming for 1 turns
 59905 | Zig:19   | Killed from afar by a starcursed mass (9 damage)
                  | ... with an accursed screaming
 59925 | Zig:19   | Paralysed by accursed screaming for 2 turns
 59933 | Zig:19   | Paralysed by accursed screaming for 1 turns
 60131 | Zig:19   | Identified the +2 dagger of the Fox {drain, rPois rF+}
 60154 | Zig:19   | Identified the +5 shortbow "Lifebane" {elec, *Slow rElec
                  | rC++ rCorr}
 60166 | Zig:20   | Entered Level 20 of a ziggurat
 60194 | Zig:20   | HP: 8/186 [frost giant/bolt of cold (14)]
 60195 | Zig:20   | Found the +27 heavy crossbow "Sniper" {heavy, Acc+∞ SInv}
 60196 | Zig:20   | Found the amulet of the Air {Inacc Air Fly rElec RMsl}
 60196 | Zig:20   | HP: 2/188 [white draconian knight/blast of cold (6)]
 60204 | Zig:20   | HP: 8/196 [??? (5)]
 60206 | Zig:20   | Mangled by a walking frostbound tome (16 damage)
 60349 | Zig:20   | Identified the +1 orcbow of the Scavenger {heavy, rElec
                  | Int-4 Dex+3}
 60355 | Zig:20   | Identified the staff of Extinguishment {rC+ Dex+3 Ice}
 60359 | Zig:20   | Identified the +1 short sword of the Endless Expanse
                  | {drain, rN++}
 60374 | Zig:20   | Identified the +0 pair of boots of the Six Lies {rPois}
 60378 | Zig:20   | Identified the amulet "Kaletah" {Spirit rPois rN+}
 60383 | Zig:20   | Identified the +0 orcbow "Sioteiz" {freeze, Int+2}
 60386 | Zig:20   | Acquired a manual of Long Blades
 60397 | Zig:20   | Identified the ring "Ferer" {+Blink Fly rElec rPois Stlth+}
 60403 | Zig:21   | Entered Level 21 of a ziggurat
 60423 | Zig:21   | HP: 9/199 [??? (6)]
 60423 | Zig:21   | Killed from afar by an Ice Fiend (11 damage)
                  | ... with a bolt of cold
 60429 | Zig:21   | HP: 9/201 [Ice Fiend/bolt of cold (9)]
 60430 | Zig:21   | Killed from afar by an Ice Fiend (13 damage)
                  | ... with a bolt of cold
 60431 | Zig:21   | Killed from afar by an Ice Fiend (11 damage)
                  | ... with a bolt of cold
 60435 | Zig:21   | Killed from afar by an Ice Fiend (17 damage)
                  | ... with a bolt of cold
 60438 | Zig:21   | Reached skill level 1 in Ranged Weapons
 60438 | Zig:21   | Reached skill level 1 in Fire Magic
 60438 | Zig:21   | HP: 9/201 [Ice Fiend (6)]
 60439 | Zig:21   | Paralysed by a wendigo for 1 turns
 60440 | Zig:21   | Slain by a wendigo (16 damage)
 60445 | Zig:21   | HP: 8/201 [Ice Fiend (8)]
 60446 | Zig:21   | HP: 2/201 [wendigo (9)]
 60446 | Zig:21   | Slain by a wendigo (6 damage)
                  | ... while petrified by a nargun
 60449 | Zig:21   | Slain by an Ice Fiend (6 damage)
                  | ... while petrified by a nargun
 60453 | Zig:21   | HP: 8/201 [wendigo (5)]
 60454 | Zig:21   | Slain by a wendigo (14 damage)
 60460 | Zig:21   | HP: 7/201 [Ice Fiend (6)]
 60460 | Zig:21   | HP: 1/201 [wendigo (6)]
 60461 | Zig:21   | Slain by an Ice Fiend (7 damage)
                  | ... while petrified by a nargun
 60467 | Zig:21   | Slain by a nargun (11 damage)
 60477 | Zig:21   | HP: 9/201 [nargun (8)]
 60481 | Zig:21   | Mangled by an Ice Fiend (16 damage)
 60489 | Zig:21   | HP: 8/201 [Ice Fiend (4)]
 60489 | Zig:21   | Slain by a nargun (12 damage)
                  | ... while petrified by a nargun
 60499 | Zig:21   | HP: 6/201 [nargun (6)]
 60499 | Zig:21   | Slain by an Ice Fiend (4 damage)
                  | ... while petrified by a nargun
 60512 | Zig:21   | HP: 3/201 [nargun (15)]
 60512 | Zig:21   | Demolished by a nargun

Illustrated notes

### ####
########..#
###...###.#........
..................
#......@.........
##...............
###..............
#................
...##....>....... #
## ##...........# #
#..........### #
#........### #
#.....#### #


Turn 8450 on D:8: n

Levels and vault maps discovered:
D:1:      ncdulo_watergridlock, layout_basic, minmay_close_crescents
D:2:      layout_rooms, nicolae_ecumenical_oubliette, lemuel_flame_loot_1
D:3:      layout_basic
D:4:      layout_basic, lemuel_doored_altar, minmay_temple_entry_water_ring,
          uniq_eustachio
D:5:      layout_rooms, ebering_ghost_sewer_d, uniq_grinder,
          uniq_crazy_yiuf_cottage
D:6:      layout_basic, dk_noncrumbling_4, uniq_menkaure, uniq_duvessa
D:7:      layout_basic, minmay_overflow_temple_star_hex, uniq_maggie, uniq_pikel
D:8:      layout_cave_pods
D:9:      layout_gridville
D:10:     cheibrodos_fzero, layout_basic
D:11:     layout_cave_pools, erik_lair_orcish_takeover,
          gammafunk_ghost_nasty_kobolds, kennysheep_pointless_box, uniq_snorg,
          uniq_josephine, uniq_grum
D:12:     layout_gridville, orc_david_3, nrook_mini_vaults, minmay_crystal_box
D:13:     layout_cave_pools, david_vaults_1, trove_entry_hex_spiral
D:14:     layout_loops_ring, nicolae_concentric_dashed_squares_mild,
          uniq_roxanne
D:15:     gammafunk_depths_entry_grave, layout_loops_ring, hex_tiny, serial_ice,
          serial_ice_i, serial_ice_a, serial_ice_d, serial_ice_m, special_room
          [special_room_orc]
Temple:   nicolae_temple_x_marks_the_god
Lair:1:   layout_regular_city
Lair:2:   layout_long_grid, minmay_swamp_entry_worms,
          minmay_snake_entry_guardpost_medium, hellmonk_ghost_happy_afterlife,
          minivault_11, serial_bayou_pond_d, lemuel_fruit_fields
Lair:3:   slaughterhouse, layout_misc_corridors, minmay_hedge_maze
Lair:4:   layout_roguey, grunt_megastairs_5
Lair:5:   evil_forest, layout_gridlike, dpeg_slime_entry_enclosed,
          kennysheep_rathole, lemuel_fruit_fields
Snake:1:  layout_honeycomb, basic_altar, uniq_aizul, uniq_jorgrun, uniq_donald
Snake:2:  layout_layer_cave, uniq_vashnia
Snake:3:  kennysheep_snake, layout_rooms
Snake:4:  grunt_snake_rune_pools, layout_onion, uniq_mara
Orc:1:    layout_caves, gammafunk_ghost_berserking_beasts, serial_shops,
          nicolae_shop_gibbet_a_chance, nicolae_shop_gaudy_bauble,
          nicolae_shop_rolling_square, nicolae_shop_tiny_statue_garden, shop
Orc:2:    st_orc_rangers, layout_caves, minmay_orc_temple_c
Vaults:1: nicolae_vaults_mush_room, nicolae_vaults_closet_pinwheel_1,
          grunt_vaults_trifunnel, grunt_vaults_hallway_long,
          nicolae_vaults_big_ls, nicolae_vaults_steering_wheel,
          nicolae_vaults_sealed_display,
          nicolae_vaults_taking_the_gang_shopping,
          nicolae_vaults_trapezoid_lopsided_3, nicolae_vaults_diamond_1,
          nicolae_vaults_big_angled_halls,
          serial_library_hellmonk_reading_circle, v_misc_22,
          nicolae_vaults_two_Ls, ontoclasm_vaults_hangar, vaults_room_pool,
          layout_vaults_maze_snakey
Vaults:2: v_rooms_3, vaults_room_pool, v_misc_28, nicolae_vaults_weapon_check,
          nicolae_vaults_network_periphery, nicolae_vaults_little_squares_4,
          nicolae_vaults_more_shelving_2, hangedman_vaults_variations,
          st_lattice, layout_vaults_big_room, serial_shops,
          nicolae_shop_tiny_glass, uniq_mennas, uniq_sojobo
Vaults:3: nicolae_vaults_cochlea, nicolae_vaults_trapezoid_2,
          minmay_crypt_entry_skeletal_spiral, hangedman_vaults_cutoff,
          nicolae_vaults_closet_pinwheel_3, nicolae_vaults_tangram_1,
          nicolae_vaults_sightless_eye, nicolae_vaults_tetromino_Z_1,
          vaults_room_hallway, nicolae_vaults_closet_pinwheel_5, v_misc_9,
          vaults_dpeg_hooks, nicolae_vaults_what_the_h, layout_vaults_big_cross,
          serial_shops, nicolae_square_shop
Vaults:4: nicolae_vaults_cornered_office, grunt_vaults_funnel,
          hangedman_vaults_river_flow, nicolae_vaults_closet_pinwheel_4,
          hangedman_vaults_corner_blocks, ontoclasm_vaults_spin,
          nicolae_vaults_heist, grunt_vaults_hallway_long,
          nicolae_vaults_angled_halls, nicolae_vaults_little_squares_3,
          layout_vaults_omnibox, serial_magic_research,
          hangedman_research_thermodynamics, hangedman_research_electronics,
          hangedman_research_toxicology, hangedman_research_geology, uniq_boris
Vaults:5
Crypt:1:  layout_rooms, basic_altar
Crypt:2:  layout_rooms, serial_co_window_serial, co_window_paths_a,
          co_window_of_opportunity_a, co_window_cross_1, co_window_paths_a,
          co_window_paths_a, co_window_corner_a, co_window_paths_a,
          co_window_2corner, co_window_unsneaky_path_b, co_window_broadway_c,
          co_window_broadway_a, co_window_paths_c, co_window_4corner_b,
          nicolae_crypt_smalloseum
Crypt:3:  quadcrypt_mu
Depths:1: layout_big_octagon, pf_dread_powers_of_hell, pan_entry,
          kennysheep_nondescript, lemuel_nasty_fountain, minmay_shop_grove,
          grunt_megastairs_2, serial_bayou_shore_b
Depths:2: hangedman_spin_cycle, hell_entry, pan_entry, uniq_vv, uniq_josephina
Depths:3: gammafunk_sealed_arena, layout_honeycomb, kennysheep_another_room,
          abyss_entry, serial_shops, shop, hell_entry, drop_trap,
          serial_bayou_shore_b, minmay_staircase_statues, uniq_parghit
Depths:4: evilmike_zot_entry_gauntlet, layout_cave_shapes, serial_shops,
          bzr_entry_lakeside, abyss_entry_flame_altar, elyvilon_altar_3,
          lightli_too_deep, serial_co_window_serial, co_window_paths_a,
          co_window_paths_b, co_window_paths_a, co_window_corner_a,
          co_window_cross_1, co_window_2corner, co_window_broadway_c,
          co_window_corner_ca, co_window_cross_3, co_window_paths_e,
          glass_columns_b, glass_columns_a
Zig:21

Skill      XL: |  1  2  3  4  5  6  7  8  9 10 11 12 13 14 15 16 17 18 19 20 21 22 23 24 25 26 27 |
---------------+----------------------------------------------------------------------------------+-----
Stealth        | 1 2 3 4 5 6 7 8 9 10 11 12 13 14 15 16 | 16.5
Axes           | 3 4 5 6 8 10 11 12 13 14 15 16 17 18 19 20 21 22 | 22.4
Dodging        | 1 2 3 4 5 6 7 8 9 10 11 12 13 15 | 15.3
Armour         | 4 5 6 7 9 10 11 12 13 14 15 16 18 | 18.4
Fighting       | 4 5 6 7 8 9 10 11 12 13 14 15 16 17 18 20 | 20.1
Shields        | 4 5 6 7 8 10 11 12 13 14 15 16 17 18 20 | 20.8
Spellcasting   | 1 2 3 4 5 6 7 8 9 10 11 13 | 13.3
Evocations     | 1 3 4 5 6 7 8 9 10 11 12 13 | 13.6
Shapeshifting  | 2 3 4 5 6 7 9 |  9.9
Long Blades    | 12 | 12.7
Ranged Weapons | 1 |  1.5
Fire Magic     | 2 |  2.1

Action                     |  1- 3 |  4- 6 |  7- 9 | 10-12 | 13-15 | 16-18 | 19-21 | 22-24 | 25-27 || total
---------------------------+-------+-------+-------+-------+-------+-------+-------+-------+-------++-------
  Melee: War axe           |    70 |   120 |   355 |   578 |  1338 |   397 |       |       |       ||  2858
         Broad axe         |       |       |       |       |       |   742 |  1085 |   766 |  2602 ||  5195
         Double sword      |       |       |       |       |       |       |       |       |   200 ||   200
 Invoke: Call Merchant     |       |       |       |       |       |       |     1 |       |     1 ||     2
  Evoke: Lightning rod     |       |       |       |       |       |       |       |       |     1 ||     1
    Use: Scroll            |       |       |     9 |     5 |    15 |     6 |     2 |     3 |    17 ||    57
         Potion            |       |       |       |       |       |     1 |     2 |     1 |     5 ||     9
   Stab: Distracted        |       |       |       |     3 |     9 |    11 |     5 |     6 |    30 ||    64
         Confused          |       |       |       |       |       |       |       |       |     1 ||     1
         Sleeping          |       |       |       |       |       |       |       |       |    17 ||    17
 Armour: Scale mail        |    36 |   198 |   120 |       |       |       |       |       |       ||   354
         Chain mail        |       |       |   186 |    24 |       |       |       |       |       ||   210
         Plate armour      |       |       |       |  1021 |  2165 |   882 |   853 |   655 |  4044 ||  9620
  Dodge: Dodged            |    38 |   134 |   176 |   406 |   589 |   308 |   276 |   203 |  1569 ||  3699
  Block: Buckler           |    21 |    40 |    90 |   190 |       |       |       |       |       ||   341
         Kite shield       |       |       |       |   257 |  1343 |   731 |       |       |       ||  2331
         Tower shield      |       |       |       |       |       |   200 |  1010 |   706 |  4001 ||  5917
         Reflection        |       |       |       |       |       |       |       |       |    29 ||    29

Table legend: (Time is in decaauts)
 A = Elapsed time spent in this place.
 B = Non-inter-level travel time spent in this place.
 C = Inter-level travel time spent in this place.
 D = Time resting spent in this place.
 E = Time spent auto-exploring this place.
 F = Levels seen in this place.
 G = Mean time per level.
                   A        B        C        D        E       F      G
               +--------+--------+--------+--------+--------+-----+--------+
         Total |  59922 |  57100 |   2822 |   3067 |  37254 |  63 |  951.1 |
       Dungeon |  17656 |  16456 |   1200 |    889 |  12174 |  15 | 1177.1 |
        Temple |     17 |     17 |      0 |      0 |      0 |   1 |   17.0 |
          Lair |   6858 |   6602 |    256 |      0 |   5244 |   5 | 1371.6 |
     Snake Pit |  10728 |  10571 |    157 |    264 |   8173 |   4 | 2682.0 |
  Orcish Mines |   1463 |   1387 |     76 |      0 |    998 |   2 |  731.5 |
        Vaults |   9414 |   8675 |    739 |    517 |   5142 |   5 | 1882.8 |
         Crypt |   3591 |   3411 |    180 |      0 |   2309 |   3 | 1197.0 |
        Depths |   5160 |   4946 |    214 |     70 |   2825 |   4 | 1290.0 |
         Abyss |    762 |    762 |      0 |      0 |      0 |   2 |  381.0 |
      Ziggurat |   4173 |   4173 |      0 |   1327 |    388 |  21 |  198.7 |
         Trove |     95 |     95 |      0 |      0 |      0 |   1 |   95.0 |
               +--------+--------+--------+--------+--------+-----+--------+

Top non-repeatable levels by time:
 Snake:3: 3858 daAuts
 Snake:4: 2695 daAuts
 Snake:1: 2206 daAuts
Vaults:5: 2094 daAuts
  Lair:2: 2074 daAuts
Vaults:4: 2002 daAuts
 Snake:2: 1968 daAuts
Vaults:2: 1912 daAuts
 Crypt:3: 1840 daAuts
Vaults:1: 1771 daAuts
     D:6: 1745 daAuts
Vaults:3: 1633 daAuts
  Zig:14: 1513 daAuts
     D:9: 1508 daAuts
Depths:3: 1479 daAuts
